Workbook
Name \0: #REF!
Name \0: #REF!
Name \00: #REF!
Name \00: #REF!
Name \a: #REF!
Name \a: #REF!
Name \AA: #REF!
Name \b: #REF!
Name \b: #REF!
Name \bb: #REF!
Name \E: #REF!
Name \EE: #REF!
Name \G: #REF!
Name \i: #REF!
Name \i: #REF!
Name \k: #REF!
Name \L: #REF!
Name \L: #REF!
Name \m: #REF!
Name \m: #REF!
Name \ñ: #REF!
Name \P: #REF!
Name \P: #REF!
Name \r: #REF!
Name \r: #REF!
Name \s: #REF!
Name \s: #REF!
Name \t: #REF!
Name \t: #REF!
Name \V: #REF!
Name \x: #REF!
Name \X: PRESUPUESTO!err
Name \X: err
Name \y: #REF!
Name \y: #REF!
Name \Z: 'ENSAYOS OBRA'!err
Name \Z: PRESUPUESTO!err
Name \Z: err
Name _: #REF!
Name _: #REF!
Name _________________________________________________i1: #REF!
Name _________________________________________________i1: #REF!
Name _________________________________________________i1: #REF!
Name ________________________________________________i1: #REF!
Name ________________________________________________i1: #REF!
Name _______________________________________________i1: #REF!
Name _______________________________________________i1: #REF!
Name ______________________________________________i1: #REF!
Name _____________________________________________i1: #REF!
Name ____________________________________________i1: #REF!
Name ___________________________________________i1: #REF!
Name __________________________________________i1: #REF!
Name _________________________________________i1: #REF!
Name ________________________________________i1: #REF!
Name _______________________________________i1: #REF!
Name ______________________________________i1: #REF!
Name _____________________________________i1: #REF!
Name ____________________________________i1: #REF!
Name ___________________________________i1: #REF!
Name __________________________________i1: #REF!

Sheet PLAN DE CARGAS
A1: INSTITUTO NACIONAL DE VÍAS
A2: DIRECCIÓN OPERATIVA
A3: SUBDIRECCION DE LA RED NACIONAL DE CARRETERAS
A4: CONCURSO DE MÉRITOS No.
A5: CMA-DO-SRN-005-2021
A6: INTERVENTORIA PARA LA CONSTRUCCION PUENTE PEATONAL MUNICIPIO DE CHIPAQUE DE LA VIA BOGOTA VILLAVICENCIO RUTA 4006
A7: CRONOGRAMA Y PLAN DE CARGAS
AI8: 50 | AJ8: 100 | AK8: 50 | AL8: 20 | AM8: 20 | AN8: 100 | AO8: 20 | AP8: 20 | AQ8: 100 | AR8: 100 | AS8: 100 | AT8: 100
A10: ACTIVIDADES | B10: MES | E10: 1 | F10: MES | I10: 2 | J10: MES | M10: 3 | N10: MES | Q10: 4 | R10: MES | U10: 5 | V10: MES | Y10: 6 | Z10: MES | AC10: 7 | AD10: MES | AG10: 8 | AH10: RESPONSABLE | AI10: UTILIZACION MES-HOMBRE
B11: 1 | C11: 2 | D11: 3 | E11: 4 | F11: 1 | G11: 2 | H11: 3 | I11: 4 | J11: 1 | K11: 2 | L11: 3 | M11: 4 | N11: 1 | O11: 2 | P11: 3 | Q11: 4 | R11: 1 | S11: 2 | T11: 3 | U11: 4 | V11: 1 | W11: 2 | X11: 3 | Y11: 4 | Z11: 1 | AA11: 2 | AB11: 3 | AC11: 4 | AD11: 1 | AE11: 2 | AF11: 3 | AG11: 4 | AI11: 1 | AJ11: 2 | AK11: 1 | AL11: 1 | AM11: 1 | AN11: 1 | AO11: 1 | AP11: 1 | AQ11: 1 | AR11: 1 | AS11: 1 | AT11: 1
AI12: Director Interventoría | AJ12: Ingeniero Residente de Interventoria | AK12: Especialista en vias | AL12: Ingeniero electrico | AM12: Especialista ambiental | AN12: Cordinador SG-SST | AO12: Contador | AP12: Abogado | AQ12: Topógrafo | AR12: Secretaria | AS12: Conductor | AT12: Cadenero
A14: 2. ETAPA DE CONSTRUCCIÓN:
A15: 2.1. CONTROL TECNICO, FINANCIERO, ADMINISTRATIVO , LEGAL Y AMBIENTAL, PREDIAL Y SOCIAL. | B15: 1 | C15: 1 | D15: 1 | E15: 1 | F15: 1 | G15: 1 | H15: 1 | I15: 1 | J15: 1 | K15: 1 | L15: 1 | M15: 1 | N15: 1 | O15: 1 | P15: 1 | Q15: 1 | R15: 1 | S15: 1 | T15: 1 | U15: 1 | V15: 1 | W15: 1 | X15: 1 | Y15: 1 | Z15: 1 | AA15: 1 | AB15: 1 | AC15: 1 | AD15: 1 | AE15: 1 | AF15: 1 | AG15: 1 | AH15: Director Interventoría, Ingeniero Residente de Interventoria, Especialista en estructuras, ingeniero electrico, Especialista en Estructuras, Especialista Ambiental,ingeniero forestal, Profesional de Aseguramiento o Gestión de la Calidad, Topógrafo, Abogado, contador, Secretaria, Cadenero, Conductor. | AI15: 0.04 | AJ15: 0.08 | AK15: 0.04 | AL15: =0.08*0.2 -> 0.016 | AM15: =0.08*0.2 -> 0.016 | AN15: 0.08 | AO15: 0.1 | AP15: 0.1 | AQ15: 0.08 | AR15: 0.08 | AS15: 0.08 | AT15: 0.08
A16: 2.2. INFORMES SEMANALES DE SEGUIMIENTO. | B16: 1 | C16: 1 | D16: 1 | E16: 1 | F16: 1 | G16: 1 | H16: 1 | I16: 1 | J16: 1 | K16: 1 | L16: 1 | M16: 1 | N16: 1 | O16: 1 | P16: 1 | Q16: 1 | R16: 1 | S16: 1 | T16: 1 | U16: 1 | V16: 1 | W16: 1 | X16: 1 | Y16: 1 | Z16: 1 | AA16: 1 | AB16: 1 | AC16: 1 | AD16: 1 | AE16: 1 | AF16: 1 | AG16: 1 | AH16: Director Interventoría, Ingeniero Residente de Interventoria. | AI16: =0.5*0.5 -> 0.25 | AJ16: 0.5 | AK16: =0.5*0.5 -> 0.25 | AL16: =0.5*0.2 -> 0.1 | AM16: =0.5*0.2 -> 0.1 | AN16: 0.5 | AQ16: 0.5 | AR16: 0.5 | AS16: 0.5 | AT16: 0.5
A17: 2.3. INFORMES MENSUALES | E17: 1 | I17: 1 | M17: 1 | Q17: 1 | U17: 1 | Y17: 1 | AC17: 1 | AG17: 1 | AH17: Director Interventoría, Ingeniero Residente de Interventoria, Especialista en estructuras, ingeniero electrico, Especialista en Estructuras, Especialista Ambiental,ingeniero forestal, Profesional de Aseguramiento o Gestión de la Calidad, Topógrafo, Abogado, contador, Secretaria. | AI17: 0.04 | AJ17: 0.08 | AK17: 0.04 | AL17: =0.08*0.2 -> 0.016 | AM17: =0.08*0.2 -> 0.016 | AN17: 0.08 | AO17: 0.2 | AP17: 0.2 | AQ17: 0.08 | AR17: 0.08 | AS17: 0.08 | AT17: 0.08
A18: 2.4. INFORMES EJECUTIVOS. (Semanal y mensualmente, ya sea en Físico, vía Web o ambas). | B18: 1 | C18: 1 | D18: 1 | E18: 1 | F18: 1 | G18: 1 | H18: 1 | I18: 1 | J18: 1 | K18: 1 | L18: 1 | M18: 1 | N18: 1 | O18: 1 | P18: 1 | Q18: 1 | R18: 1 | S18: 1 | T18: 1 | U18: 1 | V18: 1 | W18: 1 | X18: 1 | Y18: 1 | Z18: 1 | AA18: 1 | AB18: 1 | AC18: 1 | AD18: 1 | AE18: 1 | AF18: 1 | AG18: 1 | AH18: Director Interventoría, Ingeniero Residente de Interventoria. | AI18: =0.5*0.5 -> 0.25 | AJ18: 0.5 | AK18: =0.5*0.5 -> 0.25 | AL18: =0.5*0.2 -> 0.1 | AM18: =0.5*0.2 -> 0.1 | AN18: 0.5 | AO18: 0.5 | AP18: 0.5 | AQ18: 0.5 | AR18: 0.5
A19: 2.5. INFORME TRIMESTRAL DANE: INDICADOR DE AVANCE DE OBRAS CIVILES "IAFOC" | AH19: Director Interventoría, Ingeniero Residente de Interventoria. | AI19: =0.5*0.5 -> 0.25 | AJ19: 0.5 | AK19: =0.5*0.5 -> 0.25 | AL19: =0.5*0.2 -> 0.1 | AM19: =0.5*0.2 -> 0.1 | AN19: 0.5 | AO19: 0.5 | AP19: 0.5 | AQ19: 0.5 | AR19: 0.5
A20: 2.6. RECIBO FINAL DE OBRA E INTERVENTORIA | AH20: Director Interventoría, Ingeniero Residente de Interventoria, Especialista en estructuras, ingeniero electrico, Especialista en Estructuras, Especialista Ambiental,ingeniero forestal, Profesional de Aseguramiento o Gestión de la Calidad, Topógrafo, Abogado, contador, Secretaria, Cadenero, Conductor. | AI20: 0.04 | AJ20: 0.08 | AK20: 0.04 | AL20: =0.08*0.2 -> 0.016 | AM20: =0.08*0.2 -> 0.016 | AN20: 0.08 | AO20: 0.1 | AP20: 0.1 | AQ20: 0.08 | AR20: 0.08 | AS20: 0.08 | AT20: 0.08
A21: 2.7. INFORME FINAL Y ENTREGA DOCUMENTOS PARA LIQUIDACION | AH21: Director Interventoría, Ingeniero Residente de Interventoria, Especialista en estructuras, ingeniero electrico, Especialista en Estructuras, Especialista Ambiental,ingeniero forestal, Profesional de Aseguramiento o Gestión de la Calidad, Topógrafo, Abogado, contador, Secretaria. | AI21: 0.04 | AJ21: 0.08 | AK21: 0.04 | AL21: =0.08*0.2 -> 0.016 | AM21: =0.08*0.2 -> 0.016 | AN21: 0.08 | AO21: 0.1 | AP21: 0.1 | AQ21: 0.08 | AR21: 0.08 | AS21: 0.08 | AT21: 0.08
AH22: DEDICACIÓN TOTAL PRESUPUESTO | AI22: =SUM(AI15:AI21) -> 0.91 | AJ22: =SUM(AJ15:AJ21) -> 1.82 | AK22: =SUM(AK15:AK21) -> 0.91 | AL22: =SUM(AL15:AL21) -> 0.364 | AM22: =SUM(AM15:AM21) -> 0.364 | AN22: =SUM(AN15:AN21) -> 1.82 | AO22: =SUM(AO15:AO21) -> 1.5 | AP22: =SUM(AP15:AP21) -> 1.5 | ... AT22: =SUM(AT15:AT21) -> 0.82
A26: Proponente
AI27: 0.083333333
AI28: =+AI27*0.5 -> 0.041666667

Sheet PPTO_FASEII
B2: Formulario 1 - Propuesta económica - Licitación de obra pública de infraestructura social
B3: Código | C3: CCE-EICP-FM-116 | D3: Versión : 1 | N3: Construcción de la unidad deportiva del suroriente en el municipio de Montería - etapa 1 (manzana halterofilia)
B4: FORMULARIO 1
B5: PROPUESTA ECONOMICA | N5: Construcción de la unidad deportiva del suroriente en el municipio de Montería - etapa 2 (manzana central)
B6: ALCALDIA DE MONTERIA
B7: SECRETARIA DE INFRAESTRUCTURA | N7: =+UPPER(N3) -> CONSTRUCCIÓN DE LA UNIDAD DEPORTIVA DEL SURORIENTE EN EL MUNICIPIO DE MONTERÍA - ETAPA 1 (MANZANA HALTEROFILIA)
B9: ESTUDIOS, DISEÑOS Y CONSTRUCCION DE UNA PISTA UNA DE BMX EN EL MUNICIPIO DE MONTERIA - FASE II CONSTRUCION
J10: 3876887655
B11: ITEM | C11: ESPECIFICACIÓN | E11: DESCRIPCIÓN | F11: UNIDAD | G11: CANTIDAD | H11: VR UNITARIO | I11: VR TOTAL
B12: 1,0 | J12: =I26-J10 -> 0
A13: 7821 | B13: 1,01 | E13: OBRA FISICA | F13: GLB | G13: 1 | H13: =3637666000+398000+1640000 -> 3639704000 | I13: =ROUND((H13)*(G13),0) -> 3639704000
B14: Subtotal
H15: SUB TOTAL OBRAS | I15: =SUM(I12:I13) -> 3639704000 | J15: -14760694
J16: =I15/1.33 -> 2.7366195e+09
E17: PGIO | I17: 64802862
E18: SUMINISTRO DE DOTACION DEPORTIVA PARA ENTRENAMIENTO DE BMX | I18: =105900000+31161 -> 105931161 | J18: =I18+J15 -> 91170467
E19: TRAMITES Y LEGALIZACIONES
C20: CERTIFICACIÓN RETIE DE DISTRIBUCIÓN, TRANSFORMACIÓN Y USO FINAL | E20: CERTIFICACIÓN RETIE DE DISTRIBUCIÓN, TRANSFORMACIÓN Y USO FINAL | F20: GLB | G20: 1 | H20: =ROUND(I$15*0.3/100,0) -> 10919112 | I20: =ROUND((H20)*(G20),0) -> 10919112
C21: CERTIFICACIÓN RETILAP | E21: CERTIFICACIÓN RETILAP | F21: GLB | G21: 1 | H21: =ROUND(I$15*0.4/100,0) -> 14558816 | I21: =ROUND((H21)*(G21),0) -> 14558816
C22: LEGALIZACIÓN Y PLANOS ANTE AFINIA | E22: LEGALIZACIÓN Y PLANOS ANTE AFINIA | F22: GLB | G22: 1 | H22: =ROUND(I$15*0.35/100,0) -> 12738964 | I22: =ROUND((H22)*(G22),0) -> 12738964
E23: LICENCIA DE CONSTRUCCIÓN | F23: GLB | G23: 1 | H23: 6092740 | I23: =ROUND((H23)*(G23),0) -> 6092740
E24: TRAMITES ANTE LA AUTORIDAD AMBIENTAL | F24: GLB | G24: 1 | H24: 22140000 | I24: =ROUND((H24)*(G24),0) -> 22140000
J25: =J26-I26 -> -14760694
B26: VALOR TOTAL OBRA CIVIL | I26: =+I24+I23+I17+I15+I20+I21+I22+I18 -> 3876887655 | J26: =I26+J15 -> 3862126961
J27: 3928837993
E28: VALOR TOTAL ESTUDIO, DISEÑO Y CONSTRUCCION DE UNA PISTA UNA DE BMX EN EL MUNICIPIO DE MONTERIA - FASE II CONSTRUCION | I28: =+I26 -> 3876887655
B30: NOTA 1: Los valores globales de trámites y legalizaciones son estimaciones y se utilizarán únicamente en caso de ser necesarios, de acuerdo a los resultados de la consultoría. Estos valores pueden no ser utilizados o pueden requerir un ajuste dependiendo de las necesidades específicas del proyecto. | G30: DESCRIPCIÓN | I30: PORCENTAJE
B31: NOTA 2: Los valores de los ítems son de referencia para el casco urbano. En caso de existir frentes rurales, es necesario incluir el transporte a cada sitio, si se requiere. | G31: ADMINISTRACIÓN | H31: A= | I31: 0.275
B32: NOTA 3: Se debe tener en cuenta que el PRECIO UNITARIO incluye el valor de A.I.U. | G32: IMPREVISTO | H32: I= | I32: 0.005
B33: NOTA 4: Cuando la fracción decimal del peso sea igual o superior a 5 se aproximará por exceso al número entero siguiente del peso y cuando la fracción decimal del peso sea inferior a 5 se aproximará por defecto al número entero del peso. | G33: UTILIDAD | H33: U= | I33: 0.05
B34: NOTA 5: El A.I.U y su discriminación deben estar en porcentaje (%). | G34: TOTAL A.I.U | H34: A.I.U.= | I34: =+I33+I32+I31 -> 0.33
B35: NOTA 6: El PGIO cuenta con un presupuesto estimado; las cantidades serán el resultado según las necesidades específicas del proyecto (ver Presupuesto).
B36: FIRMAS:
B39: Elaboró: | F39: Revisó:
B40: Valentina Tamara | F40: Luis Fernando Mendoza
B41: Contratista SIM | F41: Contratista SIM
B45: Aprobó: | F45: VoBo:
B46: Ingrid sofia morales avila | F46: IRIS SPATH CAMAÑO
B47: Gerente de Proyectos | F47: Secretaria De Infraestructura Municipal

Sheet PRESUPUESTO
A1: Formulario 1 - Formulario de presupuesto oficial -INTERVENTORÍA DE OBRA PÚBLICA SOCIAL
A2: Código | B2: CCE-EICP-FM-184 | C2: Versión | D2: 1
A5: FORMULARIO 1 - DETALLADO
A6: INTERVENTORÍA TECNICA ADMINISTRATIVA FINANCIERA CONTABLE Y JURIDICA PARA EL SERVICIO DE REFORESTACIÓN DE ECOSISTEMAS EN LA CIENGA DE BETANCÍ MUNICIPIO DE MONTERÍA.
A8: [La Entidad puede utilizar este Formulario para determinar las condiciones bajo las cuales los Proponentes presentarán su propuesta económica de forma detallada, sin perjuicio que puedan modificarlo o alleguen la oferta económica con un Formulario distinto. Es presentado a modo ilustrativo y como una sugerencia]
A9: VALOR DE LA PROPUESTA | E9: PLAZO TOTAL | F9: (4) MESES
A10: CANT. | B10: CARGO / OFICIO | C10: SUELDO Y/O | D10: PRIMA | E10: PARTICIPACIÓN | F10: VALOR
C11: JORNAL MENSUAL | D11: REGIONAL | E11: TOTAL (mes) | F11: PARCIAL ($)
A12: (1) | C12: (2) | D12: (3) | E12: (4) | F12: (1)*((2)+(3))*(4) = (5)
A13: COSTOS DIRECTOS DE PERSONAL
A14: PERSONAL PROFESIONAL | I14: plazo | J14: 4 | K14: digita
A15: 1 | B15: Director de Interventoria | C15: =+'[1]FAC. PRES_INTER_2026'!D68 -> 7809036.3 | E15: 1.6 | F15: =ROUND(+A15*(C15+D15)*E15,0) -> 12494458 | I15: 1 | J15: =+F15/$J$14 -> 3123614.5 | K15: 0.2 | L15: =+K15*$L$14 -> 0 | M15: =E15/$J$14 -> 0.4
A16: 1 | B16: Residente de Interventoria | C16: =+'[1]FAC. PRES_INTER_2026'!D55 -> 4709934.5 | E16: 4 | F16: =ROUND(+A16*(C16+D16)*E16,0) -> 18839738 | I16: 2 | J16: =+F16/$J$14 -> 4709934.5 | K16: 1 | L16: =+K16*$L$14 -> 0 | M16: =E16/$J$14 -> 1
A17: 1 | B17: Profesional Sistema de Gestión de Seguridad y Salud en el Trabajo | C17: =+'[1]FAC. PRES_INTER_2026'!D47 -> 4709934.5 | E17: 4 | F17: =ROUND(+A17*(C17+D17)*E17,0) -> 18839738 | J17: =+F17/$J$14 -> 4709934.5 | K17: 0.5 | L17: =+K17*$L$14 -> 0 | M17: =E17/$J$14 -> 1
A18: 1 | B18: Abogado | C18: =+'[1]FAC. PRES_INTER_2026'!D42 -> 4709934.5 | E18: 1.4 | F18: =ROUND(+A18*(C18+D18)*E18,0) -> 6593908 | J18: =+#REF!/$J$14 -> #REF! | K18: 0.3 | L18: =+K18*$L$14 -> 0 | M18: =#REF!/$J$14 -> #REF!
A19: 1 | B19: Contador | C19: =+'[1]FAC. PRES_INTER_2026'!D43 -> 4709934.5 | E19: 1.4 | F19: =ROUND(+A19*(C19+D19)*E19,0) -> 6593908 | I19: 3 | J19: =+#REF!/$J$14 -> #REF! | K19: 0.5 | L19: =+K19*$L$14 -> 0 | M19: =#REF!/$J$14 -> #REF!
A20: PERSONAL TÉCNICO | I20: 4 | J20: =+#REF!/18 -> #REF! | K20: 0.5 | L20: =+K20*$L$14 -> 0 | M20: =#REF!/$J$14 -> #REF!
I21: 5 | J21: =+#REF!/$J$14 -> #REF! | K21: 1 | L21: =+K21*$L$14 -> 0 | M21: =#REF!/$J$14 -> #REF!
A22: PERSONAL ADMINISTRATIVO | I22: 6 | J22: =+#REF!/18 -> #REF! | K22: 0.5 | L22: =+K22*$L$14 -> 0 | M22: =#REF!/$J$14 -> #REF!
A23: 1 | B23: Secretaria | C23: =+'[1]FAC. PRES_INTER_2026'!D17 -> 2643866.5 | E23: 3 | F23: =ROUND(+A23*(C23+D23)*E23,0) -> 7931600 | I23: 7 | J23: =+F18/$J$14 -> 1648477 | K23: 0.5 | L23: =+K23*$L$14 -> 0 | M23: =E18/$J$14 -> 0.35
A24: PERSONAL AUXILIAR TÉCNICO | I24: 8 | J24: =+F19/$J$14 -> 1648477 | K24: 0.5 | L24: =+K24*$L$14 -> 0 | M24: =E19/$J$14 -> 0.35
A25: 0 | B25: Conductor | C25: 1992900 | E25: 0 | F25: =ROUND(+A25*(C25+D25)*E25,0) -> 0 | I25: 9 | J25: =+F20/$J$14 -> 0 | K25: 1.5 | L25: =+K25*$L$14 -> 0 | M25: =E20/$J$14 -> 0
I26: 10 | J26: =+F21/$J$14 -> 0 | K26: 1 | L26: =+K26*$L$14 -> 0 | M26: =E21/$J$14 -> 0
A27: OTROS COSTOS DE PERSONAL | J27: =+F22/$J$14 -> 0 | L27: =+K27*$L$14 -> 0 | M27: =E22/$J$14 -> 0
J28: =+F23/$J$14 -> 1982900 | K28: 0.5 | L28: =+K28*$L$14 -> 0 | M28: =E23/$J$14 -> 0.75
A29: SUBTOTAL COSTOS DE PERSONAL = SUMATORIA DE (5) = (6) | F29: =SUM(F15:F28) -> 71293350 | J29: =+F24/$J$14 -> 0 | L29: =+K29*$L$14 -> 0 | M29: =E24/$J$14 -> 0
A30: FACTOR MULTIPLICADOR (7) | F30: ='[1] F. M-INTERFASEII'!C30/100 -> 2.18 | J30: =+F25/$J$14 -> 0 | K30: 1 | L30: =+K30*$L$14 -> 0 | M30: =E25/$J$14 -> 0
A31: SUBTOTAL COSTOS DE PERSONAL = (6) * (7) = (A) | F31: =ROUND(+F29*F30,0) -> 155419503 | J31: =+F26/$J$14 -> 0 | K31: 1 | L31: =+K31*$L$14 -> 0 | M31: =E26/$J$14 -> 0
A32: CANT. | B32: CONCEPTO | C32: UNIDAD | D32: COSTO | E32: UTILIZACION | F32: VALOR
D33: ($) | F33: PARCIAL ($)
A34: (8) | D34: (9) | E34: (10) | F34: (8)*(9)*(10) = (11)
A35: OTROS COSTOS DIRECTOS
A36: VIÁTICOS
A38: COSTOS DE ALQUILER DE EQUIPOS Y OFICINA
A39: 1 | B39: Camioneta o Campero de mas de 2000 c.c (Incluye peajes y Combustible) El modelo del vehiculo ofrecido deberá corresponder a modelos 2015 a 2025 | C39: Mes | D39: 9000000 | E39: 1.7 | F39: =+E39*D39*A39 -> 15300000
A40: OTROS COSTOS
B42: SUBTOTAL OTROS COSTOS DIRECTOS = SUMATORIA DE (13) = (B) | F42: =SUM(F37:F41) -> 15300000
B43: SUBTOTAL COSTOS DE PERSONAL = SUMATORIA DE (13) = (A) | F43: =+F31 -> 155419503
B44: SUBTOTAL OTROS COSTOS DIRECTOS = SUMATORIA DE (13) = (B) | F44: =+F42 -> 15300000
B45: SUBTOTAL COSTOS BASICOS = (A) + (B) = (C) | F45: =+F44+F43 -> 170719503
B46: PROVISIÓN PARA AJUSTES = (D) | F46: 0
B47: (1) SUBTOTAL COSTOS BASICOS = (C) + (D) = (E) | F47: =F45+F46 -> 170719503
B48: (2) IMPUESTOS MUNICIPALES * (E) = (F) | F48: =SUM(F49:F53) -> 14845176
E49: ESTAMPILLA PROUNIVERSIDAD DE CORDOBA 2% | F49: =ROUND($G$56*2%,0) -> 3711294
E50: ESTAMPILLA PROCULTURA 1% | F50: =ROUND($G$56*1%,0) -> 1855647
E51: ESTAMPILLA JUSTICIA FAMILIAR 2% | F51: =ROUND($G$56*2%,0) -> 3711294
E52: ESTAMPILLA PRO ADULTO MAYOR 2% | F52: =ROUND($G$56*2%,0) -> 3711294
E53: TASA PRO DEPORTE Y RECREACION 1% | F53: =ROUND($G$56*1%,0) -> 1855647 | G53: VALOR LIQUIDAR IMPUESTOS: Base Liquidación: Costo basico + Impuestos y Estamillas
B54: SUBTOTAL 1: (E + F)= G | F54: =+F47+F48 -> 185564679
B55: (3) IVA = 19% * (E) = (H) | F55: =ROUND(F54*19%,0) -> 35257289
B56: SUBTOTAL 2: (G + H) | F56: =+F54+F55 -> 220821968 | G56: =(F47+F49+F50+F51+F52+F53) -> 185564679
B57: COSTO TOTAL BASICO DEL CONTRATO: (1) + (2) + (3) | F57: =+F55+F47+F48 -> 220821968 | G57: Nota: Para activar el calculo de la estampillas realizar el sigueinte procedidmiento (Archivo-Opciones- Formulas - Habiliar cálculo iterativo)
A58: NOTAS:
A59: 1. Los sueldos y/o jornal mensual y otros costos pueden oscilar entre el 80% y 120% del valor oficial de cada item, sin superar el valor total del presupuesto oficial
A60: 2. En lo relacionado con los impuestos, tasas y contribuciones estos no podrán ser ofrecidos por debajo de lo establecido en la norma vigente
A61: 3. Los porcentajes de dedicación del personal y el valor del Factor Multiplicador son inmodificable | G61: 365475883
A62: 4. En el factor multiplicador podra modificarse en los apartados de prestaciones sociales y gastos directos no reembolsables, sin incurrir en sobre costos. So pena descuentos contractuales, sin superar el valor total del presupuesto oficial. | H62: 5101247640 | I62: 29250000000 | J62: 1725194156 | K62: =+F57-J62 -> -1504372188
A63: 5. Para el caso del reembolso de los costos de alquiler de equipos, ensayos, otros costos y costos globales, es responsabilidad de la Interventoría el gasto racional de estos recursos, de acuerdo con las necesidades del proyecto dentro del plazo contractual y se reembolsarán según su costo real, contra la presentación de facturas y soportes respectivos | I63: =I62*7% -> 2.0475e+09
A64: 6. La propuesta del oferente seleccionado deberá adaptarse a la naturaleza jurídica y al régimen tributario de las empresas involucradas
A65: 7. La base gravable de las estampillas municipales y la tasa pro deporte y recreación, tenidas en cuenta en este presupuesto: se calcula conforme lo establecido en el acuerdo No. 034 de 2024 (si incluir el valor del IVA) | G65: 372232368 | H65: =+G65-F57 -> 151410400
A66: FIRMAS:

Sheet FORMULARIO 1 - DETALLADO
A1: Formulario 1 - Formulario
A2: Código | B2: CCE-EICP-FM-184 | C2: Versión | D2: 1
A5: FORMULARIO 1 - DETALLADO
A6: NTERVENTORÍA TECNICA ADMINISTRATIVA FINANCIERA CONTABLE Y JURIDICA PARA EL SERVICIO DE REFORESTACIÓN DE ECOSISTEMAS EN LA CIENGA DE BETANCÍ MUNICIPIO DE MONTERÍA.
A8: [La Entidad puede utilizar este Formulario para determinar las condiciones bajo las cuales los Proponentes presentarán su propuesta económica de forma detallada, sin perjuicio que puedan modificarlo o alleguen la oferta económica con un Formulario distinto. Es presentado a modo ilustrativo y como una sugerencia]
A9: VALOR DE LA PROPUESTA | E9: PLAZO TOTAL | F9: (4) MESES
A10: CANT. | B10: CARGO / OFICIO | C10: SUELDO Y/O | D10: PRIMA | E10: PARTICIPACIÓN | F10: VALOR
C11: JORNAL MENSUAL | D11: REGIONAL | E11: TOTAL (mes) | F11: PARCIAL ($)
A12: (1) | C12: (2) | D12: (3) | E12: (4) | F12: (1)*((2)+(3))*(4) = (5)
A13: COSTOS DIRECTOS DE PERSONAL
A14: PERSONAL PROFESIONAL | I14: plazo | J14: 4 | K14: digita
A15: 1 | B15: Director de Interventoria | E15: 1.6 | F15: =ROUND(+A15*(C15+D15)*E15,0) -> 0 | I15: 1 | J15: =+F15/$J$14 -> 0 | K15: 0.2 | L15: =+K15*$L$14 -> 0 | M15: =E15/$J$14 -> 0.4
A16: 1 | B16: Residente de Interventoria | E16: 4 | F16: =ROUND(+A16*(C16+D16)*E16,0) -> 0 | I16: 2 | J16: =+F16/$J$14 -> 0 | K16: 1 | L16: =+K16*$L$14 -> 0 | M16: =E16/$J$14 -> 1
A17: 1 | B17: Profesional Sistema de Gestión de Seguridad y Salud en el Trabajo | E17: 4 | F17: =ROUND(+A17*(C17+D17)*E17,0) -> 0 | J17: =+F17/$J$14 -> 0 | K17: 0.5 | L17: =+K17*$L$14 -> 0 | M17: =E17/$J$14 -> 1
J18: =+F18/$J$14 -> 0 | K18: 0.3 | L18: =+K18*$L$14 -> 0 | M18: =E18/$J$14 -> 0
I19: 3 | J19: =+F19/$J$14 -> 0 | K19: 0.5 | L19: =+K19*$L$14 -> 0 | M19: =E19/$J$14 -> 0
E20: 0 | F20: =ROUND(+A20*(C20+D20)*E20,0) -> 0 | I20: 4 | J20: =+F20/18 -> 0 | K20: 0.5 | L20: =+K20*$L$14 -> 0 | M20: =E20/$J$14 -> 0
I21: 5 | J21: =+F21/$J$14 -> 0 | K21: 1 | L21: =+K21*$L$14 -> 0 | M21: =E21/$J$14 -> 0
A22: 0 | B22: Ingeniero Forestal | E22: 1.6 | F22: =ROUND(+A22*(C22+D22)*E22,0) -> 0 | I22: 6 | J22: =+F22/18 -> 0 | K22: 0.5 | L22: =+K22*$L$14 -> 0 | M22: =E22/$J$14 -> 0.4
A23: 1 | B23: Abogado | E23: 1.4 | F23: =ROUND(+A23*(C23+D23)*E23,0) -> 0 | I23: 7 | J23: =+F23/$J$14 -> 0 | K23: 0.5 | L23: =+K23*$L$14 -> 0 | M23: =E23/$J$14 -> 0.35
A24: 1 | B24: Contador | E24: 1.4 | F24: =ROUND(+A24*(C24+D24)*E24,0) -> 0 | I24: 8 | J24: =+F24/$J$14 -> 0 | K24: 0.5 | L24: =+K24*$L$14 -> 0 | M24: =E24/$J$14 -> 0.35
A25: PERSONAL TÉCNICO | I25: 9 | J25: =+F25/$J$14 -> 0 | K25: 1.5 | L25: =+K25*$L$14 -> 0 | M25: =E25/$J$14 -> 0
I26: 10 | J26: =+F26/$J$14 -> 0 | K26: 1 | L26: =+K26*$L$14 -> 0 | M26: =E26/$J$14 -> 0
A27: PERSONAL ADMINISTRATIVO | J27: =+F27/$J$14 -> 0 | L27: =+K27*$L$14 -> 0 | M27: =E27/$J$14 -> 0
A28: 1 | B28: Secretaria | E28: 3 | F28: =ROUND(+A28*(C28+D28)*E28,0) -> 0 | J28: =+F28/$J$14 -> 0 | K28: 0.5 | L28: =+K28*$L$14 -> 0 | M28: =E28/$J$14 -> 0.75
A29: PERSONAL AUXILIAR TÉCNICO | J29: =+F29/$J$14 -> 0 | L29: =+K29*$L$14 -> 0 | M29: =E29/$J$14 -> 0
A30: 0 | B30: Conductor | C30: 1992900 | E30: 0 | F30: =ROUND(+A30*(C30+D30)*E30,0) -> 0 | J30: =+F30/$J$14 -> 0 | K30: 1 | L30: =+K30*$L$14 -> 0 | M30: =E30/$J$14 -> 0
J31: =+F31/$J$14 -> 0 | K31: 1 | L31: =+K31*$L$14 -> 0 | M31: =E31/$J$14 -> 0
A32: OTROS COSTOS DE PERSONAL
A34: SUBTOTAL COSTOS DE PERSONAL = SUMATORIA DE (5) = (6) | F34: =SUM(F15:F33) -> 0
A35: FACTOR MULTIPLICADOR (7)
A36: SUBTOTAL COSTOS DE PERSONAL = (6) * (7) = (A) | F36: =ROUND(+F34*F35,0) -> 0
A37: CANT. | B37: CONCEPTO | C37: UNIDAD | D37: COSTO | E37: UTILIZACION | F37: VALOR
D38: ($) | F38: PARCIAL ($)
A39: (8) | D39: (9) | E39: (10) | F39: (8)*(9)*(10) = (11)
A40: OTROS COSTOS DIRECTOS
A41: VIÁTICOS
A43: COSTOS DE ALQUILER DE EQUIPOS Y OFICINA
A44: 1 | B44: Camioneta o Campero de mas de 2000 c.c (Incluye peajes y Combustible) El modelo del vehiculo ofrecido deberá corresponder a modelos 2015 a 2025 | C44: Mes | E44: 1.7 | F44: =+E44*D44*A44 -> 0
A45: OTROS COSTOS
B47: SUBTOTAL OTROS COSTOS DIRECTOS = SUMATORIA DE (13) = (B) | F47: =SUM(F42:F46) -> 0
B48: SUBTOTAL COSTOS DE PERSONAL = SUMATORIA DE (13) = (A) | F48: =+F36 -> 0
B49: SUBTOTAL OTROS COSTOS DIRECTOS = SUMATORIA DE (13) = (B) | F49: =+F47 -> 0
B50: SUBTOTAL COSTOS BASICOS = (A) + (B) = (C) | F50: =+F49+F48 -> 0
B51: PROVISIÓN PARA AJUSTES = (D) | F51: 0
B52: (1) SUBTOTAL COSTOS BASICOS = (C) + (D) = (E) | F52: =F50+F51 -> 0
B53: (2) IMPUESTOS MUNICIPALES * (E) = (F) | F53: =SUM(F54:F58) -> 0 | G53: VALOR LIQUIDAR IMPUESTOS: Base Liquidación: Costo basico + Impuestos y Estamillas
E54: ESTAMPILLA PROUNIVERSIDAD DE CORDOBA 2% | F54: =ROUND($G$56*2%,0) -> 0
E55: ESTAMPILLA PROCULTURA 1% | F55: =ROUND($G$56*1%,0) -> 0
E56: ESTAMPILLA JUSTICIA FAMILIAR 2% | F56: =ROUND($G$56*2%,0) -> 0 | G56: =(F52+F54+F55+F56+F57+F58) -> 0
E57: ESTAMPILLA PRO ADULTO MAYOR 2% | F57: =ROUND($G$56*2%,0) -> 0 | G57: Nota: Para activar el calculo de la estampillas realizar el sigueinte procedidmiento (Archivo-Opciones- Formulas - Habiliar cálculo iterativo)
E58: TASA PRO DEPORTE Y RECREACION 1% | F58: =ROUND($G$56*1%,0) -> 0
B59: SUBTOTAL 1: (E + F)= G | F59: =+F52+F53 -> 0
B60: (3) IVA = 19% * (E) = (H) | F60: =ROUND(F59*19%,0) -> 0
B61: SUBTOTAL 2: (G + H) | F61: =+F59+F60 -> 0 | G61: 365475883
B62: COSTO TOTAL BASICO DEL CONTRATO: (1) + (2) + (3) | F62: =+F60+F52+F53 -> 0 | H62: 5101247640 | I62: 29250000000 | J62: 1725194156 | K62: =+F62-J62 -> -1725194156
A63: NOTAS: | I63: =I62*7% -> 2.0475e+09
A64: 1. Los sueldos y/o jornal mensual y otros costos pueden oscilar entre el 80% y 120% del valor oficial de cada item, sin superar el valor total del presupuesto oficial
A65: 2. En lo relacionado con los impuestos, tasas y contribuciones estos no podrán ser ofrecidos por debajo de lo establecido en la norma vigente | G65: 372232368 | H65: =+G65-F62 -> 372232368
A66: 3. Los porcentajes de dedicación del personal y el valor del Factor Multiplicador son inmodificable
A67: 4. En el factor multiplicador podra modificarse en los apartados de prestaciones sociales y gastos directos no reembolsables, sin incurrir en sobre costos. So pena descuentos contractuales, sin superar el valor total del presupuesto oficial.
A68: 5. Para el caso del reembolso de los costos de alquiler de equipos, ensayos, otros costos y costos globales, es responsabilidad de la Interventoría el gasto racional de estos recursos, de acuerdo con las necesidades del proyecto dentro del plazo contractual y se reembolsarán según su costo real, contra la presentación de facturas y soportes respectivos
A69: 6. La propuesta del oferente seleccionado deberá adaptarse a la naturaleza jurídica y al régimen tributario de las empresas involucradas
A70: 7. La base gravable de las estampillas municipales y la tasa pro deporte y recreación, tenidas en cuenta en este presupuesto: se calcula conforme lo establecido en el acuerdo No. 034 de 2024 (si incluir el valor del IVA)

Sheet  F. M-INTERFASEII (2)
A1: ALCALDIA DE MONTERIA
A2: SECRETARÍA DE INFRAESTRUCTURA
A4: CALCULO DEL FACTOR MULTIPLICADOR
A5: OBJETO:
A6: ='FORMULARIO 1 - DETALLADO'!A6 -> NTERVENTORÍA TECNICA ADMINISTRATIVA FINANCIERA CONTABLE Y JURIDICA PARA EL SERVICIO DE REFORESTACIÓN DE ECOSISTEMAS EN LA CIENGA DE BETANCÍ MUNICIPIO DE MONTERÍA.
A7: No. | B7: DESCRIPCIÓN | C7: VALOR (%)
A8: 1 | B8: SUELDO ANUAL BÁSICO | C8: 100
A9: 2 | B9: PRESTACIONES SOCIALES (Expresado como % de 1)
A10: 2.1 | B10: Factor Prestacional | C10: {=+'FAC. PRES_INTER_2026'!AA73:AB73*100} -> 62 | D10: 0
B12: SUBTOTAL 2: | C12: =SUM(C10:C10) -> 62
A13: 3 | B13: COSTOS INDIRECTOS
B14: GASTOS LEGALES Y DE ADMINISTRACIÓN (Expresados como porcentaje de 1) | D14: 5.6378799e+08
A15: 3.1 | B15: Gastos directos no reembolsables
B16: Mantenimiento y reparaciones preventivas | C16: 6 | D16: =+$D$14*C16/100 -> 33827280 | E16: =+D16/18 -> 1879293.3
B17: Utiles y papelería | C17: 6 | D17: =+$D$14*C17/100 -> 33827280 | E17: =+D17/18 -> 1879293.3
B18: Vigilancia y aseo | C18: 6 | D18: =+$D$14*C18/100 -> 33827280 | E18: =+D18/18 -> 1879293.3
B19: Sistematización | C19: 5 | D19: =+$D$14*C19/100 -> 28189400 | E19: =+D19/18 -> 1566077.8
B20: Edición de informes | C20: 4 | D20: =+$D$14*C20/100 -> 22551520 | E20: =+D20/18 -> 1252862.2
B21: Polizas | C21: 2 | D21: =+$D$14*C21/100 -> 11275760 | E21: =+D21/18 -> 626431.1
B22: Servicios publicos | C22: 6 | D22: =+$D$14*C22/100 -> 33827280 | E22: =+D22/18 -> 1879293.3
B23: Arriendo de oficinas | C23: 6 | D23: =+$D$14*C23/100 -> 33827280 | E23: =+D23/18 -> 1879293.3
A24: 3.2 | B24: OTROS GASTOS NO REEMBOLSABLES | D24: =+$D$14*C24/100 -> 0 | E24: =+D24/18 -> 0
B25: Relaciones Publicas y Gastos de Representación | C25: 5 | D25: =+$D$14*C25/100 -> 28189400 | E25: =+D25/18 -> 1566077.8
B26: SUBTOTAL 3: | C26: =SUM(C16:C25) -> 46
A27: 4 | B27: HONORARIOS (Epresados como porcentaje de 1)
B28: Varía entre el 5 y 10% del Salario | C28: 10
B29: SUBTOTAL 4: | C29: =SUM(C28) -> 10
B30: FACTOR MULTIPLICADOR (1+2+3+4) | C30: =+C29+C26+C12+C8 -> 218

Sheet  F. M-INTERFASEII
A1: ALCALDIA DE MONTERIA
A2: SECRETARÍA DE INFRAESTRUCTURA
A4: CALCULO DEL FACTOR MULTIPLICADOR
A5: OBJETO:
A6: ='FORMULARIO 1 - DETALLADO'!A6 -> NTERVENTORÍA TECNICA ADMINISTRATIVA FINANCIERA CONTABLE Y JURIDICA PARA EL SERVICIO DE REFORESTACIÓN DE ECOSISTEMAS EN LA CIENGA DE BETANCÍ MUNICIPIO DE MONTERÍA.
A7: No. | B7: DESCRIPCIÓN | C7: VALOR (%)
A8: 1 | B8: SUELDO ANUAL BÁSICO
A9: 2 | B9: PRESTACIONES SOCIALES (Expresado como % de 1)
A10: 2.1 | B10: Factor Prestacional
B12: SUBTOTAL 2:
A13: 3 | B13: COSTOS INDIRECTOS
B14: GASTOS LEGALES Y DE ADMINISTRACIÓN (Expresados como porcentaje de 1) | D14: 5.6378799e+08
A15: 3.1 | B15: Gastos directos no reembolsables
B16: Mantenimiento y reparaciones preventivas | D16: =+$D$14*C16/100 -> 0 | E16: =+D16/18 -> 0
B17: Utiles y papelería | D17: =+$D$14*C17/100 -> 0 | E17: =+D17/18 -> 0
B18: Vigilancia y aseo | D18: =+$D$14*C18/100 -> 0 | E18: =+D18/18 -> 0
B19: Sistematización | D19: =+$D$14*C19/100 -> 0 | E19: =+D19/18 -> 0
B20: Edición de informes | D20: =+$D$14*C20/100 -> 0 | E20: =+D20/18 -> 0
B21: Polizas | D21: =+$D$14*C21/100 -> 0 | E21: =+D21/18 -> 0
B22: Servicios publicos | D22: =+$D$14*C22/100 -> 0 | E22: =+D22/18 -> 0
B23: Arriendo de oficinas | D23: =+$D$14*C23/100 -> 0 | E23: =+D23/18 -> 0
A24: 3.2 | B24: OTROS GASTOS NO REEMBOLSABLES | D24: =+$D$14*C24/100 -> 0 | E24: =+D24/18 -> 0
B25: Relaciones Publicas y Gastos de Representación | D25: =+$D$14*C25/100 -> 0 | E25: =+D25/18 -> 0
B26: SUBTOTAL 3:
A27: 4 | B27: HONORARIOS (Epresados como porcentaje de 1)
B28: Varía entre el 5 y 10% del Salario
B29: SUBTOTAL 4:
B30: FACTOR MULTIPLICADOR (1+2+3+4)

Sheet FAC. PRES_INTER_2026
A1: J | B1: K | C1: L | D1: M | E1: N | F1: O | G1: P | H1: Q | I1: R | J1: S | K1: T | L1: U | M1: V | N1: W | O1: X | P1: X | Q1: Y | R1: Z | S1: AA | T1: AB | U1: AC | V1: AD | W1: AD | X1: AD | Y1: AE | Z1: AF | AA1: AG | AB1: AH
A2: PERSONAL | C2: FACTOR SALARIAL | D2: SALARIO MENSUAL | E2: SALARIO DIARIO | F2: SALARIO BRUTO | G2: TRANSPORTE ANUAL HORA EFECTIVA | H2: CESANTIAS C.S.T. Art. 249 | I2: INTERES SOBRE CESANTIAS Ley 52 de 1975 | J2: PRIMAS DE SERVICIOS Art. 306 C.S.T | K2: VACACIONES Art.186 C.S.T | L2: PENSION Ley 797 de 2003 | M2: SALUD Ley 1122 del 2007 Art. 10 | N2: RIESGOS LABORALES Dec. 1772 de 1994 Art 13 | O2: SENA Ley 89 de 1988 | P2: SENA FIC Res 1449 de 2012 | Q2: ICBF Ley 21 de 1982 | R2: CAJA DE COMP. FAM. DEC. 562 DE 1990 (Marzo 8) | S2: DOTACION | T2: IMPLEMENTO DE SEGURIDAD | U2: SALARIO INTEGRAL | V2: % FACTOR PRESTACIONAL | W2: % FACTOR PRESTACIONAL REDONDEADA | X2: SALARIO INTEGRAL CORREGIDO | Y2: # PERSONAL | Z2: % DEDICACION | AA2: INCIDENCIA | AB2: PONDERACION
B3: TIPO DE LABOR | C3: SMMLV | D3: L x A | E3: M/30 | F3: M x 12 MESES | G3: F | H3: L x A + B | I3: Q x 12% = 12% cesantias | J3: M + B | K3: M/2 = 15 DIAS DE SALARIO | L3: L x D x 12% =12% SALARIO | M3: L x D x 8.5%= 8.5% SALARIO | N3: L x D x 6.96% = 6.96% SALARIO | O3: L x D x 2% = 2% SALARIO | P3: SALARIO MINIMO/40/ 30DIAS | Q3: L x D x 3% =3% SALARIO | R3: L x D x 4% = 4% SALARIO | S3: H | T3: I | U3: = ∑ (O HASTA AB) | V3: AC/O -1 | W3: AC/O -1 | X3: AC/O -1 | Y3: CANTIDAD | Z3: DEDICACION | AA3: CANT. x DEDIC. | AB3: INCIDENCIA X % FACTOR PRESTACIONAL
A4: Ayudante | B4: EPP | C4: 1.1 | D4: 1925995.5 | E4: =ROUND(+D4/30,0) -> 64200 | F4: =+D4*12 -> 23111946 | G4: 7957.2014 | H4: 6041.9181 | I4: =+H4*0.12 -> 725.03017 | J4: 6041.9181 | K4: =(+D4/2)/360 -> 2674.9938 | L4: 7703.982 | M4: 5456.9873 | N4: 4468.3096 | O4: 1283.997 | Q4: 1925.9955 | R4: 2567.994 | S4: 2622.5 | T4: 2466.1111 | U4: =SUM(G4:T4)+E4 -> 116136.94 | V4: =+U4/E4-1 -> 0.80898657 | W4: =+ROUNDUP(V4,2) -> 0.81 | X4: =ROUND(W4*E4+E4,0) -> 116202 | Y4: 0 | Z4: 0 | AA4: =+Y4*Z4 -> 0 | AB4: =+W4*AA4 -> 0
A5: Cadeneros | B5: EPP | C5: 1.1 | D5: 1925995.5 | E5: =ROUND(+D5/30,0) -> 64200 | F5: =+D5*12 -> 23111946 | G5: 7957.2014 | H5: 6041.9181 | I5: =+H5*0.12 -> 725.03017 | J5: 6041.9181 | K5: =(+D5/2)/360 -> 2674.9938 | L5: 7703.982 | M5: 5456.9873 | N5: 4468.3096 | O5: 1283.997 | Q5: 1925.9955 | R5: 2567.994 | S5: 2622.5 | T5: 2466.1111 | U5: =SUM(G5:T5)+E5 -> 116136.94 | V5: =+U5/E5-1 -> 0.80898657 | W5: =+ROUNDUP(V5,2) -> 0.81 | X5: =ROUND(W5*E5+E5,0) -> 116202 | Y5: 1 | Z5: =+'FORMULARIO 1 - DETALLADO'!M31 -> 0 | AA5: =+Y5*Z5 -> 0 | AB5: =+W5*AA5 -> 0
A6: Mensajero | B6: 0 | C6: 1.1 | D6: 1925995.5 | E6: =ROUND(+D6/30,0) -> 64200 | F6: =+D6*12 -> 23111946 | G6: 7957.2014 | H6: 6041.9181 | I6: =+H6*0.12 -> 725.03017 | J6: 6041.9181 | K6: =(+D6/2)/360 -> 2674.9938 | L6: 7703.982 | M6: 5456.9873 | N6: 4468.3096 | O6: 1283.997 | Q6: 1925.9955 | R6: 2567.994 | S6: 2622.5 | T6: 0 | U6: =SUM(G6:T6)+E6 -> 113670.83 | V6: =+U6/E6-1 -> 0.77057363 | W6: =+ROUNDUP(V6,2) -> 0.78 | X6: =ROUND(W6*E6+E6,0) -> 114276 | Z6: 0 | AA6: =+Y6*Z6 -> 0 | AB6: =+W6*AA6 -> 0
A7: Paletero | B7: EPP | C7: 1.1 | D7: 1925995.5 | E7: =ROUND(+D7/30,0) -> 64200 | F7: =+D7*12 -> 23111946 | G7: 7957.2014 | H7: 6041.9181 | I7: =+H7*0.12 -> 725.03017 | J7: 6041.9181 | K7: =(+D7/2)/360 -> 2674.9938 | L7: 7703.982 | M7: 5456.9873 | N7: 4468.3096 | O7: 1283.997 | Q7: 1925.9955 | R7: 2567.994 | S7: 2622.5 | T7: 2466.1111 | U7: =SUM(G7:T7)+E7 -> 116136.94 | V7: =+U7/E7-1 -> 0.80898657 | W7: =+ROUNDUP(V7,2) -> 0.81 | X7: =ROUND(W7*E7+E7,0) -> 116202 | Y7: 0 | Z7: 0 | AA7: =+Y7*Z7 -> 0 | AB7: =+W7*AA7 -> 0
A8: Conductor | B8: 0 | C8: 1.33 | D8: 2328703.6 | E8: =ROUND(+D8/30,0) -> 77623 | F8: =+D8*12 -> 27944444 | G8: 7957.2014 | H8: 7160.5518 | I8: =+H8*0.12 -> 859.26622 | J8: 7160.5518 | K8: =(+D8/2)/360 -> 3234.3106 | L8: 9314.8146 | M8: 6597.9937 | N8: 5402.5925 | O8: 1552.4691 | Q8: 2328.7036 | R8: 3104.9382 | S8: 2622.5 | T8: 0 | U8: =SUM(G8:T8)+E8 -> 134918.89 | V8: =+U8/E8-1 -> 0.73813037 | W8: =+ROUNDUP(V8,2) -> 0.74 | X8: =ROUND(W8*E8+E8,0) -> 135064 | Y8: 0 | Z8: 0 | AA8: =+Y8*Z8 -> 0 | AB8: =+W8*AA8 -> 0
A9: Personal De Servicios De Vigilancia | B9: 0 | C9: 1.33 | D9: 2328703.6 | E9: =ROUND(+D9/30,0) -> 77623 | F9: =+D9*12 -> 27944444 | G9: 7957.2014 | H9: 7160.5518 | I9: =+H9*0.12 -> 859.26622 | J9: 7160.5518 | K9: =(+D9/2)/360 -> 3234.3106 | L9: 9314.8146 | M9: 6597.9937 | N9: 5402.5925 | O9: 1552.4691 | Q9: 2328.7036 | R9: 3104.9382 | S9: 2622.5 | T9: 0 | U9: =SUM(G9:T9)+E9 -> 134918.89 | V9: =+U9/E9-1 -> 0.73813037 | W9: =+ROUNDUP(V9,2) -> 0.74 | X9: =ROUND(W9*E9+E9,0) -> 135064 | Z9: 0 | AA9: =+Y9*Z9 -> 0 | AB9: =+W9*AA9 -> 0
A10: Jardinero | B10: EPP | C10: 1.5 | D10: 2626357.5 | E10: =ROUND(+D10/30,0) -> 87545 | F10: =+D10*12 -> 31516290 | G10: 7957.2014 | H10: 7987.3681 | I10: =+H10*0.12 -> 958.48417 | J10: 7987.3681 | K10: =(+D10/2)/360 -> 3647.7188 | L10: 10505.43 | M10: 7441.3463 | N10: 6093.1494 | O10: 1750.905 | Q10: 2626.3575 | R10: 3501.81 | S10: 2622.5 | T10: 2466.1111 | U10: =SUM(G10:T10)+E10 -> 153090.75 | V10: =+U10/E10-1 -> 0.74870923 | W10: =+ROUNDUP(V10,2) -> 0.75 | X10: =ROUND(W10*E10+E10,0) -> 153204 | Z10: 0 | AA10: =+Y10*Z10 -> 0 | AB10: =+W10*AA10 -> 0
A11: Oficial Y Operario De Cortadora | B11: EPP | C11: 1.5 | D11: 2626357.5 | E11: =ROUND(+D11/30,0) -> 87545 | F11: =+D11*12 -> 31516290 | G11: 7957.2014 | H11: 7987.3681 | I11: =+H11*0.12 -> 958.48417 | J11: 7987.3681 | K11: =(+D11/2)/360 -> 3647.7188 | L11: 10505.43 | M11: 7441.3463 | N11: 6093.1494 | O11: 1750.905 | Q11: 2626.3575 | R11: 3501.81 | S11: 2622.5 | T11: 2466.1111 | U11: =SUM(G11:T11)+E11 -> 153090.75 | V11: =+U11/E11-1 -> 0.74870923 | W11: =+ROUNDUP(V11,2) -> 0.75 | X11: =ROUND(W11*E11+E11,0) -> 153204 | Z11: 0 | AA11: =+Y11*Z11 -> 0 | AB11: =+W11*AA11 -> 0
A12: Auxiliar En Redes | B12: EPP | C12: 1.51 | D12: 2643866.5 | E12: =ROUND(+D12/30,0) -> 88129 | F12: =+D12*12 -> 31726399 | G12: 7957.2014 | H12: 8036.0043 | I12: =+H12*0.12 -> 964.32052 | J12: 8036.0043 | K12: =(+D12/2)/360 -> 3672.0369 | L12: 10575.466 | M12: 7490.9552 | N12: 6133.7704 | O12: 1762.5777 | Q12: 2643.8665 | R12: 3525.1554 | S12: 2622.5 | T12: 2466.1111 | U12: =SUM(G12:T12)+E12 -> 154014.97 | V12: =+U12/E12-1 -> 0.74760828 | W12: =+ROUNDUP(V12,2) -> 0.75 | X12: =ROUND(W12*E12+E12,0) -> 154226 | Y12: 0 | Z12: 0 | AA12: =+Y12*Z12 -> 0 | AB12: =+W12*AA12 -> 0
A13: Almacenista | B13: EPP | C13: 1.51 | D13: 2643866.5 | E13: =ROUND(+D13/30,0) -> 88129 | F13: =+D13*12 -> 31726399 | G13: 7957.2014 | H13: 8036.0043 | I13: =+H13*0.12 -> 964.32052 | J13: 8036.0043 | K13: =(+D13/2)/360 -> 3672.0369 | L13: 10575.466 | M13: 7490.9552 | N13: 6133.7704 | O13: 1762.5777 | Q13: 2643.8665 | R13: 3525.1554 | S13: 2622.5 | T13: 2466.1111 | U13: =SUM(G13:T13)+E13 -> 154014.97 | V13: =+U13/E13-1 -> 0.74760828 | W13: =+ROUNDUP(V13,2) -> 0.75 | X13: =ROUND(W13*E13+E13,0) -> 154226 | Y13: 0 | Z13: 0 | AA13: =+Y13*Z13 -> 0 | AB13: =+W13*AA13 -> 0
A14: Auxiliar Contable | B14: 0 | C14: 1.51 | D14: 2643866.5 | E14: =ROUND(+D14/30,0) -> 88129 | F14: =+D14*12 -> 31726399 | G14: 7957.2014 | H14: 8036.0043 | I14: =+H14*0.12 -> 964.32052 | J14: 8036.0043 | K14: =(+D14/2)/360 -> 3672.0369 | L14: 10575.466 | M14: 7490.9552 | N14: 6133.7704 | O14: 1762.5777 | Q14: 2643.8665 | R14: 3525.1554 | S14: 2622.5 | T14: 0 | U14: =SUM(G14:T14)+E14 -> 151548.86 | V14: =+U14/E14-1 -> 0.71962531 | W14: =+ROUNDUP(V14,2) -> 0.72 | X14: =ROUND(W14*E14+E14,0) -> 151582 | Y14: 0 | Z14: 0 | AA14: =+Y14*Z14 -> 0 | AB14: =+W14*AA14 -> 0
A15: Auxiliar De Laboratorio | B15: 0 | C15: 1.51 | D15: 2643866.5 | E15: =ROUND(+D15/30,0) -> 88129 | F15: =+D15*12 -> 31726399 | G15: 7957.2014 | H15: 8036.0043 | I15: =+H15*0.12 -> 964.32052 | J15: 8036.0043 | K15: =(+D15/2)/360 -> 3672.0369 | L15: 10575.466 | M15: 7490.9552 | N15: 6133.7704 | O15: 1762.5777 | Q15: 2643.8665 | R15: 3525.1554 | S15: 2622.5 | T15: 0 | U15: =SUM(G15:T15)+E15 -> 151548.86 | V15: =+U15/E15-1 -> 0.71962531 | W15: =+ROUNDUP(V15,2) -> 0.72 | X15: =ROUND(W15*E15+E15,0) -> 151582 | Y15: 0 | Z15: 0 | AA15: =+Y15*Z15 -> 0 | AB15: =+W15*AA15 -> 0
A16: Secretaria En Obra | B16: EPP | C16: 1.51 | D16: 2643866.5 | E16: =ROUND(+D16/30,0) -> 88129 | F16: =+D16*12 -> 31726399 | G16: 7957.2014 | H16: 8036.0043 | I16: =+H16*0.12 -> 964.32052 | J16: 8036.0043 | K16: =(+D16/2)/360 -> 3672.0369 | L16: 10575.466 | M16: 7490.9552 | N16: 6133.7704 | O16: 1762.5777 | Q16: 2643.8665 | R16: 3525.1554 | S16: 2622.5 | T16: 2466.1111 | U16: =SUM(G16:T16)+E16 -> 154014.97 | V16: =+U16/E16-1 -> 0.74760828 | W16: =+ROUNDUP(V16,2) -> 0.75 | X16: =ROUND(W16*E16+E16,0) -> 154226 | Y16: 0 | Z16: 0 | AA16: =+Y16*Z16 -> 0 | AB16: =+W16*AA16 -> 0
A17: Secretaria De Oficina Principal | B17: 0 | C17: 1.51 | D17: 2643866.5 | E17: =ROUND(+D17/30,0) -> 88129 | F17: =+D17*12 -> 31726399 | G17: 7957.2014 | H17: 8036.0043 | I17: =+H17*0.12 -> 964.32052 | J17: 8036.0043 | K17: =(+D17/2)/360 -> 3672.0369 | L17: 10575.466 | M17: 7490.9552 | N17: 6133.7704 | O17: 1762.5777 | Q17: 2643.8665 | R17: 3525.1554 | S17: 2622.5 | T17: 0 | U17: =SUM(G17:T17)+E17 -> 151548.86 | V17: =+U17/E17-1 -> 0.71962531 | W17: =+ROUNDUP(V17,2) -> 0.72 | X17: =ROUND(W17*E17+E17,0) -> 151582 | Y17: 1 | Z17: =+'FORMULARIO 1 - DETALLADO'!M28 -> 0.75 | AA17: =+Y17*Z17 -> 0.75 | AB17: =+W17*AA17 -> 0.54
A18: Secretaria En Obra | B18: 0 | C18: 1.51 | D18: 2643866.5 | E18: =ROUND(+D18/30,0) -> 88129 | F18: =+D18*12 -> 31726399 | G18: 7957.2014 | H18: 8036.0043 | I18: =+H18*0.12 -> 964.32052 | J18: 8036.0043 | K18: =(+D18/2)/360 -> 3672.0369 | L18: 10575.466 | M18: 7490.9552 | N18: 6133.7704 | O18: 1762.5777 | Q18: 2643.8665 | R18: 3525.1554 | S18: 2622.5 | T18: 0 | U18: =SUM(G18:T18)+E18 -> 151548.86 | V18: =+U18/E18-1 -> 0.71962531 | W18: =+ROUNDUP(V18,2) -> 0.72 | X18: =ROUND(W18*E18+E18,0) -> 151582 | Y18: 0 | Z18: 0 | AA18: =+Y18*Z18 -> 0 | AB18: =+W18*AA18 -> 0
A19: Encuestadores | B19: 0 | C19: 1.51 | D19: 2643866.5 | E19: =ROUND(+D19/30,0) -> 88129 | F19: =+D19*12 -> 31726399 | G19: 7957.2014 | H19: 8036.0043 | I19: =+H19*0.12 -> 964.32052 | J19: 8036.0043 | K19: =(+D19/2)/360 -> 3672.0369 | L19: 10575.466 | M19: 7490.9552 | N19: 6133.7704 | O19: 1762.5777 | Q19: 2643.8665 | R19: 3525.1554 | S19: 2622.5 | T19: 0 | U19: =SUM(G19:T19)+E19 -> 151548.86 | V19: =+U19/E19-1 -> 0.71962531 | W19: =+ROUNDUP(V19,2) -> 0.72 | X19: =ROUND(W19*E19+E19,0) -> 151582 | Z19: 0 | AA19: =+Y19*Z19 -> 0 | AB19: =+W19*AA19 -> 0
A20: Paileros Navales | B20: EPP | C20: 1.51 | D20: 2643866.5 | E20: =ROUND(+D20/30,0) -> 88129 | F20: =+D20*12 -> 31726399 | G20: 7957.2014 | H20: 8036.0043 | I20: =+H20*0.12 -> 964.32052 | J20: 8036.0043 | K20: =(+D20/2)/360 -> 3672.0369 | L20: 10575.466 | M20: 7490.9552 | N20: 6133.7704 | O20: 1762.5777 | Q20: 2643.8665 | R20: 3525.1554 | S20: 2622.5 | T20: 2466.1111 | U20: =SUM(G20:T20)+E20 -> 154014.97 | V20: =+U20/E20-1 -> 0.74760828 | W20: =+ROUNDUP(V20,2) -> 0.75 | X20: =ROUND(W20*E20+E20,0) -> 154226 | Z20: 0 | AA20: =+Y20*Z20 -> 0 | AB20: =+W20*AA20 -> 0
A21: Oficial Electricista | B21: EPP | C21: 1.51 | D21: 2643866.5 | E21: =ROUND(+D21/30,0) -> 88129 | F21: =+D21*12 -> 31726399 | G21: 7957.2014 | H21: 8036.0043 | I21: =+H21*0.12 -> 964.32052 | J21: 8036.0043 | K21: =(+D21/2)/360 -> 3672.0369 | L21: 10575.466 | M21: 7490.9552 | N21: 6133.7704 | O21: 1762.5777 | Q21: 2643.8665 | R21: 3525.1554 | S21: 2622.5 | T21: 2466.1111 | U21: =SUM(G21:T21)+E21 -> 154014.97 | V21: =+U21/E21-1 -> 0.74760828 | W21: =+ROUNDUP(V21,2) -> 0.75 | X21: =ROUND(W21*E21+E21,0) -> 154226 | Z21: 0 | AA21: =+Y21*Z21 -> 0 | AB21: =+W21*AA21 -> 0
A22: Cerrajero | B22: EPP | C22: 1.51 | D22: 2643866.5 | E22: =ROUND(+D22/30,0) -> 88129 | F22: =+D22*12 -> 31726399 | G22: 7957.2014 | H22: 8036.0043 | I22: =+H22*0.12 -> 964.32052 | J22: 8036.0043 | K22: =(+D22/2)/360 -> 3672.0369 | L22: 10575.466 | M22: 7490.9552 | N22: 6133.7704 | O22: 1762.5777 | Q22: 2643.8665 | R22: 3525.1554 | S22: 2622.5 | T22: 2466.1111 | U22: =SUM(G22:T22)+E22 -> 154014.97 | V22: =+U22/E22-1 -> 0.74760828 | W22: =+ROUNDUP(V22,2) -> 0.75 | X22: =ROUND(W22*E22+E22,0) -> 154226 | Y22: 0 | Z22: 0 | AA22: =+Y22*Z22 -> 0 | AB22: =+W22*AA22 -> 0
A23: Operador De Motosierra | B23: EPP | C23: 1.51 | D23: 2643866.5 | E23: =ROUND(+D23/30,0) -> 88129 | F23: =+D23*12 -> 31726399 | G23: 7957.2014 | H23: 8036.0043 | I23: =+H23*0.12 -> 964.32052 | J23: 8036.0043 | K23: =(+D23/2)/360 -> 3672.0369 | L23: 10575.466 | M23: 7490.9552 | N23: 6133.7704 | O23: 1762.5777 | Q23: 2643.8665 | R23: 3525.1554 | S23: 2622.5 | T23: 2466.1111 | U23: =SUM(G23:T23)+E23 -> 154014.97 | V23: =+U23/E23-1 -> 0.74760828 | W23: =+ROUNDUP(V23,2) -> 0.75 | X23: =ROUND(W23*E23+E23,0) -> 154226 | Y23: 0 | Z23: 0 | AA23: =+Y23*Z23 -> 0 | AB23: =+W23*AA23 -> 0
A24: Pintor | B24: EPP | C24: 1.51 | D24: 2643866.5 | E24: =ROUND(+D24/30,0) -> 88129 | F24: =+D24*12 -> 31726399 | G24: 7957.2014 | H24: 8036.0043 | I24: =+H24*0.12 -> 964.32052 | J24: 8036.0043 | K24: =(+D24/2)/360 -> 3672.0369 | L24: 10575.466 | M24: 7490.9552 | N24: 6133.7704 | O24: 1762.5777 | Q24: 2643.8665 | R24: 3525.1554 | S24: 2622.5 | T24: 2466.1111 | U24: =SUM(G24:T24)+E24 -> 154014.97 | V24: =+U24/E24-1 -> 0.74760828 | W24: =+ROUNDUP(V24,2) -> 0.75 | X24: =ROUND(W24*E24+E24,0) -> 154226 | Y24: 0 | Z24: 0 | AA24: =+Y24*Z24 -> 0 | AB24: =+W24*AA24 -> 0
A25: Plomero | B25: EPP | C25: 1.51 | D25: 2643866.5 | E25: =ROUND(+D25/30,0) -> 88129 | F25: =+D25*12 -> 31726399 | G25: 7957.2014 | H25: 8036.0043 | I25: =+H25*0.12 -> 964.32052 | J25: 8036.0043 | K25: =(+D25/2)/360 -> 3672.0369 | L25: 10575.466 | M25: 7490.9552 | N25: 6133.7704 | O25: 1762.5777 | Q25: 2643.8665 | R25: 3525.1554 | S25: 2622.5 | T25: 2466.1111 | U25: =SUM(G25:T25)+E25 -> 154014.97 | V25: =+U25/E25-1 -> 0.74760828 | W25: =+ROUNDUP(V25,2) -> 0.75 | X25: =ROUND(W25*E25+E25,0) -> 154226 | Y25: 0 | Z25: 0 | AA25: =+Y25*Z25 -> 0 | AB25: =+W25*AA25 -> 0
A26: Soldador | B26: EPP | C26: 1.51 | D26: 2643866.5 | E26: =ROUND(+D26/30,0) -> 88129 | F26: =+D26*12 -> 31726399 | G26: 7957.2014 | H26: 8036.0043 | I26: =+H26*0.12 -> 964.32052 | J26: 8036.0043 | K26: =(+D26/2)/360 -> 3672.0369 | L26: 10575.466 | M26: 7490.9552 | N26: 6133.7704 | O26: 1762.5777 | Q26: 2643.8665 | R26: 3525.1554 | S26: 2622.5 | T26: 2466.1111 | U26: =SUM(G26:T26)+E26 -> 154014.97 | V26: =+U26/E26-1 -> 0.74760828 | W26: =+ROUNDUP(V26,2) -> 0.75 | X26: =ROUND(W26*E26+E26,0) -> 154226 | Z26: 0 | AA26: =+Y26*Z26 -> 0 | AB26: =+W26*AA26 -> 0
A27: Inspector De Obras | B27: EPP | C27: 1.51 | D27: 2643866.5 | E27: =ROUND(+D27/30,0) -> 88129 | F27: =+D27*12 -> 31726399 | G27: 7957.2014 | H27: 8036.0043 | I27: =+H27*0.12 -> 964.32052 | J27: 8036.0043 | K27: =(+D27/2)/360 -> 3672.0369 | L27: 10575.466 | M27: 7490.9552 | N27: 6133.7704 | O27: 1762.5777 | Q27: 2643.8665 | R27: 3525.1554 | S27: 2622.5 | T27: 2466.1111 | U27: =SUM(G27:T27)+E27 -> 154014.97 | V27: =+U27/E27-1 -> 0.74760828 | W27: =+ROUNDUP(V27,2) -> 0.75 | X27: =ROUND(W27*E27+E27,0) -> 154226 | Z27: 0 | AA27: =+Y27*Z27 -> 0 | AB27: =+W27*AA27 -> 0
A28: Inspector De Interventoría | B28: EPP | C28: 1.51 | D28: 2643866.5 | E28: =ROUND(+D28/30,0) -> 88129 | F28: =+D28*12 -> 31726399 | G28: 7957.2014 | H28: 8036.0043 | I28: =+H28*0.12 -> 964.32052 | J28: 8036.0043 | K28: =(+D28/2)/360 -> 3672.0369 | L28: 10575.466 | M28: 7490.9552 | N28: 6133.7704 | O28: 1762.5777 | Q28: 2643.8665 | R28: 3525.1554 | S28: 2622.5 | T28: 2466.1111 | U28: =SUM(G28:T28)+E28 -> 154014.97 | V28: =+U28/E28-1 -> 0.74760828 | W28: =+ROUNDUP(V28,2) -> 0.75 | X28: =ROUND(W28*E28+E28,0) -> 154226 | Z28: 0 | AA28: =+Y28*Z28 -> 0 | AB28: =+W28*AA28 -> 0
A29: Soldador Raso | B29: EPP | C29: 1.51 | D29: 2643866.5 | E29: =ROUND(+D29/30,0) -> 88129 | F29: =+D29*12 -> 31726399 | G29: 7957.2014 | H29: 8036.0043 | I29: =+H29*0.12 -> 964.32052 | J29: 8036.0043 | K29: =(+D29/2)/360 -> 3672.0369 | L29: 10575.466 | M29: 7490.9552 | N29: 6133.7704 | O29: 1762.5777 | Q29: 2643.8665 | R29: 3525.1554 | S29: 2622.5 | T29: 2466.1111 | U29: =SUM(G29:T29)+E29 -> 154014.97 | V29: =+U29/E29-1 -> 0.74760828 | W29: =+ROUNDUP(V29,2) -> 0.75 | X29: =ROUND(W29*E29+E29,0) -> 154226 | Z29: 0 | AA29: =+Y29*Z29 -> 0 | AB29: =+W29*AA29 -> 0
A30: Supervisor De Encuestadores | B30: 0 | C30: 1.55 | D30: 2713902.8 | E30: =ROUND(+D30/30,0) -> 90463 | F30: =+D30*12 -> 32566833 | G30: 7957.2014 | H30: 8230.5493 | I30: =+H30*0.12 -> 987.66592 | J30: 8230.5493 | K30: =(+D30/2)/360 -> 3769.3094 | L30: 10855.611 | M30: 7689.3911 | N30: 6296.2544 | O30: 1809.2685 | Q30: 2713.9028 | R30: 3618.537 | S30: 2622.5 | T30: 0 | U30: =SUM(G30:T30)+E30 -> 155243.74 | V30: =+U30/E30-1 -> 0.71610205 | W30: =+ROUNDUP(V30,2) -> 0.72 | X30: =ROUND(W30*E30+E30,0) -> 155596 | Y30: 0 | Z30: 0 | AA30: =+Y30*Z30 -> 0 | AB30: =+W30*AA30 -> 0
A31: Tecnico Electricista | B31: EPP | C31: 1.6 | D31: 2801448 | E31: =ROUND(+D31/30,0) -> 93382 | F31: =+D31*12 -> 33617376 | G31: 7957.2014 | H31: 8473.7306 | I31: =+H31*0.12 -> 1016.8477 | J31: 8473.7306 | K31: =(+D31/2)/360 -> 3890.9 | L31: 11205.792 | M31: 7937.436 | N31: 6499.3594 | O31: 1867.632 | Q31: 2801.448 | R31: 3735.264 | S31: 2622.5 | T31: 2466.1111 | U31: =SUM(G31:T31)+E31 -> 162329.95 | V31: =+U31/E31-1 -> 0.73834307 | W31: =+ROUNDUP(V31,2) -> 0.74 | X31: =ROUND(W31*E31+E31,0) -> 162485 | Y31: 0 | Z31: 0 | AA31: =+Y31*Z31 -> 0 | AB31: =+W31*AA31 -> 0
A32: Carpintero | B32: EPP | C32: 1.73 | D32: 3029065.6 | E32: =ROUND(+D32/30,0) -> 100969 | F32: =+D32*12 -> 36348788 | G32: 7957.2014 | H32: 9106.0018 | I32: =+H32*0.12 -> 1092.7202 | J32: 9106.0018 | K32: =(+D32/2)/360 -> 4207.0356 | L32: 12116.263 | M32: 8582.3527 | N32: 7027.4323 | O32: 2019.3771 | Q32: 3029.0656 | R32: 4038.7542 | S32: 2622.5 | T32: 2466.1111 | U32: =SUM(G32:T32)+E32 -> 174339.82 | V32: =+U32/E32-1 -> 0.72666676 | W32: =+ROUNDUP(V32,2) -> 0.73 | X32: =ROUND(W32*E32+E32,0) -> 174676 | Y32: 0 | Z32: 0 | AA32: =+Y32*Z32 -> 0 | AB32: =+W32*AA32 -> 0
A33: Soldadores Primera Clase | B33: EPP | C33: 1.73 | D33: 3029065.6 | E33: =ROUND(+D33/30,0) -> 100969 | F33: =+D33*12 -> 36348788 | G33: 7957.2014 | H33: 9106.0018 | I33: =+H33*0.12 -> 1092.7202 | J33: 9106.0018 | K33: =(+D33/2)/360 -> 4207.0356 | L33: 12116.263 | M33: 8582.3527 | N33: 7027.4323 | O33: 2019.3771 | Q33: 3029.0656 | R33: 4038.7542 | S33: 2622.5 | T33: 2466.1111 | U33: =SUM(G33:T33)+E33 -> 174339.82 | V33: =+U33/E33-1 -> 0.72666676 | W33: =+ROUNDUP(V33,2) -> 0.73 | X33: =ROUND(W33*E33+E33,0) -> 174676 | Z33: 0 | AA33: =+Y33*Z33 -> 0 | AB33: =+W33*AA33 -> 0
A34: Coordinador De Encuestas | B34: 0 | C34: 1.82 | D34: 3186647.1 | E34: =ROUND(+D34/30,0) -> 106222 | F34: =+D34*12 -> 38239765 | G34: 7957.2014 | H34: 9543.7281 | I34: =+H34*0.12 -> 1145.2474 | J34: 9543.7281 | K34: =(+D34/2)/360 -> 4425.8988 | L34: 12746.588 | M34: 9028.8335 | N34: 7393.0213 | O34: 2124.4314 | Q34: 3186.6471 | R34: 4248.8628 | S34: 2622.5 | T34: 0 | U34: =SUM(G34:T34)+E34 -> 180188.69 | V34: =+U34/E34-1 -> 0.69634057 | W34: =+ROUNDUP(V34,2) -> 0.7 | X34: =ROUND(W34*E34+E34,0) -> 180577 | Y34: 0 | Z34: 0 | AA34: =+Y34*Z34 -> 0 | AB34: =+W34*AA34 -> 0
A35: Topografo | B35: EPP | C35: 1.98 | D35: 3466791.9 | E35: =ROUND(+D35/30,0) -> 115560 | F35: =+D35*12 -> 41601503 | G35: 7957.2014 | H35: 10321.908 | I35: =+H35*0.12 -> 1238.629 | J35: 10321.908 | K35: =(+D35/2)/360 -> 4814.9887 | L35: 13867.168 | M35: 9822.577 | N35: 8042.9572 | O35: 2311.1946 | Q35: 3466.7919 | R35: 4622.3892 | S35: 2622.5 | T35: 2466.1111 | U35: =SUM(G35:T35)+E35 -> 197436.32 | V35: =+U35/E35-1 -> 0.70851786 | W35: =+ROUNDUP(V35,2) -> 0.71 | X35: =ROUND(W35*E35+E35,0) -> 197608 | Y35: 1 | Z35: =+'FORMULARIO 1 - DETALLADO'!M26 -> 0 | AA35: =+Y35*Z35 -> 0 | AB35: =+W35*AA35 -> 0
A36: Maestro General | B36: EPP | C36: 2.06 | D36: 3606864.3 | E36: =ROUND(+D36/30,0) -> 120229 | F36: =+D36*12 -> 43282372 | G36: 0 | H36: 10019.068 | I36: =+H36*0.12 -> 1202.2881 | J36: 10019.068 | K36: =(+D36/2)/360 -> 5009.5338 | L36: 14427.457 | M36: 10219.449 | N36: 8367.9252 | O36: 2404.5762 | Q36: 3606.8643 | R36: 4809.1524 | S36: 0 | T36: 2466.1111 | U36: =SUM(G36:T36)+E36 -> 192780.49 | V36: =+U36/E36-1 -> 0.60344419 | W36: =+ROUNDUP(V36,2) -> 0.61 | X36: =ROUND(W36*E36+E36,0) -> 193569 | Y36: 0 | Z36: 0 | AA36: =+Y36*Z36 -> 0 | AB36: =+W36*AA36 -> 0
A37: Operador Maquina | B37: EPP | C37: 2.06 | D37: 3606864.3 | E37: =ROUND(+D37/30,0) -> 120229 | F37: =+D37*12 -> 43282372 | G37: 0 | H37: 10019.068 | I37: =+H37*0.12 -> 1202.2881 | J37: 10019.068 | K37: =(+D37/2)/360 -> 5009.5338 | L37: 14427.457 | M37: 10219.449 | N37: 8367.9252 | O37: 2404.5762 | Q37: 3606.8643 | R37: 4809.1524 | S37: 0 | T37: 2466.1111 | U37: =SUM(G37:T37)+E37 -> 192780.49 | V37: =+U37/E37-1 -> 0.60344419 | W37: =+ROUNDUP(V37,2) -> 0.61 | X37: =ROUND(W37*E37+E37,0) -> 193569 | Z37: 0 | AA37: =+Y37*Z37 -> 0 | AB37: =+W37*AA37 -> 0
A38: Supervisor Electrico | B38: EPP | C38: 2.06 | D38: 3606864.3 | E38: =ROUND(+D38/30,0) -> 120229 | F38: =+D38*12 -> 43282372 | G38: 0 | H38: 10019.068 | I38: =+H38*0.12 -> 1202.2881 | J38: 10019.068 | K38: =(+D38/2)/360 -> 5009.5338 | L38: 14427.457 | M38: 10219.449 | N38: 8367.9252 | O38: 2404.5762 | Q38: 3606.8643 | R38: 4809.1524 | S38: 0 | T38: 2466.1111 | U38: =SUM(G38:T38)+E38 -> 192780.49 | V38: =+U38/E38-1 -> 0.60344419 | W38: =+ROUNDUP(V38,2) -> 0.61 | X38: =ROUND(W38*E38+E38,0) -> 193569 | Y38: 0 | Z38: 0 | AA38: =+Y38*Z38 -> 0 | AB38: =+W38*AA38 -> 0
A39: Cordinador SG-SST | B39: EPP | C39: 2.06 | D39: 3606864.3 | E39: =ROUND(+D39/30,0) -> 120229 | F39: =+D39*12 -> 43282372 | G39: 0 | H39: 10019.068 | I39: =+H39*0.12 -> 1202.2881 | J39: 10019.068 | K39: =(+D39/2)/360 -> 5009.5338 | L39: 14427.457 | M39: 10219.449 | N39: 8367.9252 | O39: 2404.5762 | Q39: 3606.8643 | R39: 4809.1524 | S39: 0 | T39: 2466.1111 | U39: =SUM(G39:T39)+E39 -> 192780.49 | V39: =+U39/E39-1 -> 0.60344419 | W39: =+ROUNDUP(V39,2) -> 0.61 | X39: =ROUND(W39*E39+E39,0) -> 193569 | Z39: 0 | AA39: =+Y39*Z39 -> 0 | AB39: =+W39*AA39 -> 0
A40: Operador Maquina | B40: 0 | C40: 2.06 | D40: 3606864.3 | E40: =ROUND(+D40/30,0) -> 120229 | F40: =+D40*12 -> 43282372 | G40: 0 | H40: 10019.068 | I40: =+H40*0.12 -> 1202.2881 | J40: 10019.068 | K40: =(+D40/2)/360 -> 5009.5338 | L40: 14427.457 | M40: 10219.449 | N40: 8367.9252 | O40: 2404.5762 | Q40: 3606.8643 | R40: 4809.1524 | S40: 0 | T40: 0 | U40: =SUM(G40:T40)+E40 -> 190314.38 | V40: =+U40/E40-1 -> 0.58293241 | W40: =+ROUNDUP(V40,2) -> 0.59 | X40: =ROUND(W40*E40+E40,0) -> 191164 | Z40: 0 | AA40: =+Y40*Z40 -> 0 | AB40: =+W40*AA40 -> 0
A41: Supervisor Electrico | B41: EPP | C41: 2.06 | D41: 3606864.3 | E41: =ROUND(+D41/30,0) -> 120229 | F41: =+D41*12 -> 43282372 | G41: 0 | H41: 10019.068 | I41: =+H41*0.12 -> 1202.2881 | J41: 10019.068 | K41: =(+D41/2)/360 -> 5009.5338 | L41: 14427.457 | M41: 10219.449 | N41: 8367.9252 | O41: 2404.5762 | Q41: 3606.8643 | R41: 4809.1524 | S41: 0 | T41: 2466.1111 | U41: =SUM(G41:T41)+E41 -> 192780.49 | V41: =+U41/E41-1 -> 0.60344419 | W41: =+ROUNDUP(V41,2) -> 0.61 | X41: =ROUND(W41*E41+E41,0) -> 193569 | Y41: 0 | Z41: 0 | AA41: =+Y41*Z41 -> 0 | AB41: =+W41*AA41 -> 0
A42: Abogado | B42: 0 | C42: 2.69 | D42: 4709934.5 | E42: =ROUND(+D42/30,0) -> 156998 | F42: =+D42*12 -> 56519213 | G42: 0 | H42: 13083.151 | I42: =+H42*0.12 -> 1569.9782 | J42: 13083.151 | K42: =(+D42/2)/360 -> 6541.5756 | L42: 18839.738 | M42: 13344.814 | N42: 10927.048 | O42: 3139.9563 | Q42: 4709.9344 | R42: 6279.9126 | S42: 0 | T42: 0 | U42: =SUM(G42:T42)+E42 -> 248517.26 | V42: =+U42/E42-1 -> 0.58293265 | W42: =+ROUNDUP(V42,2) -> 0.59 | X42: =ROUND(W42*E42+E42,0) -> 249627 | Y42: 1 | Z42: =+'FORMULARIO 1 - DETALLADO'!M23 -> 0.35 | AA42: =+Y42*Z42 -> 0.35 | AB42: =+W42*AA42 -> 0.2065
A43: Contador | B43: 0 | C43: 2.69 | D43: 4709934.5 | E43: =ROUND(+D43/30,0) -> 156998 | F43: =+D43*12 -> 56519213 | G43: 0 | H43: 13083.151 | I43: =+H43*0.12 -> 1569.9782 | J43: 13083.151 | K43: =(+D43/2)/360 -> 6541.5756 | L43: 18839.738 | M43: 13344.814 | N43: 10927.048 | O43: 3139.9563 | Q43: 4709.9344 | R43: 6279.9126 | S43: 0 | T43: 0 | U43: =SUM(G43:T43)+E43 -> 248517.26 | V43: =+U43/E43-1 -> 0.58293265 | W43: =+ROUNDUP(V43,2) -> 0.59 | X43: =ROUND(W43*E43+E43,0) -> 249627 | Y43: 1 | Z43: =+'FORMULARIO 1 - DETALLADO'!M24 -> 0.35 | AA43: =+Y43*Z43 -> 0.35 | AB43: =+W43*AA43 -> 0.2065
A44: Ingeniero Ambiental | B44: EPP | C44: 2.69 | D44: 4709934.5 | E44: =ROUND(+D44/30,0) -> 156998 | F44: =+D44*12 -> 56519213 | G44: 0 | H44: 13083.151 | I44: =+H44*0.12 -> 1569.9782 | J44: 13083.151 | K44: =(+D44/2)/360 -> 6541.5756 | L44: 18839.738 | M44: 13344.814 | N44: 10927.048 | O44: 3139.9563 | Q44: 4709.9344 | R44: 6279.9126 | S44: 0 | T44: 2466.1111 | U44: =SUM(G44:T44)+E44 -> 250983.37 | V44: =+U44/E44-1 -> 0.59864056 | W44: =+ROUNDUP(V44,2) -> 0.6 | X44: =ROUND(W44*E44+E44,0) -> 251197 | Z44: 0 | AA44: =+Y44*Z44 -> 0 | AB44: =+W44*AA44 -> 0
A45: Economista | B45: EPP | C45: 2.69 | D45: 4709934.5 | E45: =ROUND(+D45/30,0) -> 156998 | F45: =+D45*12 -> 56519213 | G45: 0 | H45: 13083.151 | I45: =+H45*0.12 -> 1569.9782 | J45: 13083.151 | K45: =(+D45/2)/360 -> 6541.5756 | L45: 18839.738 | M45: 13344.814 | N45: 10927.048 | O45: 3139.9563 | Q45: 4709.9344 | R45: 6279.9126 | S45: 0 | T45: 2466.1111 | U45: =SUM(G45:T45)+E45 -> 250983.37 | V45: =+U45/E45-1 -> 0.59864056 | W45: =+ROUNDUP(V45,2) -> 0.6 | X45: =ROUND(W45*E45+E45,0) -> 251197 | Z45: 0 | AA45: =+Y45*Z45 -> 0 | AB45: =+W45*AA45 -> 0
A46: Geógrafo | B46: EPP | C46: 2.69 | D46: 4709934.5 | E46: =ROUND(+D46/30,0) -> 156998 | F46: =+D46*12 -> 56519213 | G46: 0 | H46: 13083.151 | I46: =+H46*0.12 -> 1569.9782 | J46: 13083.151 | K46: =(+D46/2)/360 -> 6541.5756 | L46: 18839.738 | M46: 13344.814 | N46: 10927.048 | O46: 3139.9563 | Q46: 4709.9344 | R46: 6279.9126 | S46: 0 | T46: 2466.1111 | U46: =SUM(G46:T46)+E46 -> 250983.37 | V46: =+U46/E46-1 -> 0.59864056 | W46: =+ROUNDUP(V46,2) -> 0.6 | X46: =ROUND(W46*E46+E46,0) -> 251197 | Z46: 0 | AA46: =+Y46*Z46 -> 0 | AB46: =+W46*AA46 -> 0
A47: Ingeniero Electricista | B47: EPP | C47: 2.69 | D47: 4709934.5 | E47: =ROUND(+D47/30,0) -> 156998 | F47: =+D47*12 -> 56519213 | G47: 0 | H47: 13083.151 | I47: =+H47*0.12 -> 1569.9782 | J47: 13083.151 | K47: =(+D47/2)/360 -> 6541.5756 | L47: 18839.738 | M47: 13344.814 | N47: 10927.048 | O47: 3139.9563 | Q47: 4709.9344 | R47: 6279.9126 | S47: 0 | T47: 2466.1111 | U47: =SUM(G47:T47)+E47 -> 250983.37 | V47: =+U47/E47-1 -> 0.59864056 | W47: =+ROUNDUP(V47,2) -> 0.6 | X47: =ROUND(W47*E47+E47,0) -> 251197 | Y47: 1 | Z47: =+'FORMULARIO 1 - DETALLADO'!M17 -> 1 | AA47: =+Y47*Z47 -> 1 | AB47: =+W47*AA47 -> 0.6
A48: Ingeniero Forestal | B48: EPP | C48: 2.69 | D48: 4709934.5 | E48: =ROUND(+D48/30,0) -> 156998 | F48: =+D48*12 -> 56519213 | G48: 0 | H48: 13083.151 | I48: =+H48*0.12 -> 1569.9782 | J48: 13083.151 | K48: =(+D48/2)/360 -> 6541.5756 | L48: 18839.738 | M48: 13344.814 | N48: 10927.048 | O48: 3139.9563 | Q48: 4709.9344 | R48: 6279.9126 | S48: 0 | T48: 2466.1111 | U48: =SUM(G48:T48)+E48 -> 250983.37 | V48: =+U48/E48-1 -> 0.59864056 | W48: =+ROUNDUP(V48,2) -> 0.6 | X48: =ROUND(W48*E48+E48,0) -> 251197 | Y48: 0 | Z48: =+'FORMULARIO 1 - DETALLADO'!M22 -> 0.4 | AA48: =+Y48*Z48 -> 0 | AB48: =+W48*AA48 -> 0
A49: Ingeniero Hidraulico | B49: EPP | C49: 2.69 | D49: 4709934.5 | E49: =ROUND(+D49/30,0) -> 156998 | F49: =+D49*12 -> 56519213 | G49: 0 | H49: 13083.151 | I49: =+H49*0.12 -> 1569.9782 | J49: 13083.151 | K49: =(+D49/2)/360 -> 6541.5756 | L49: 18839.738 | M49: 13344.814 | N49: 10927.048 | O49: 3139.9563 | Q49: 4709.9344 | R49: 6279.9126 | S49: 0 | T49: 2466.1111 | U49: =SUM(G49:T49)+E49 -> 250983.37 | V49: =+U49/E49-1 -> 0.59864056 | W49: =+ROUNDUP(V49,2) -> 0.6 | X49: =ROUND(W49*E49+E49,0) -> 251197 | Y49: 0 | Z49: 0 | AA49: =+Y49*Z49 -> 0 | AB49: =+W49*AA49 -> 0
A50: Ingeniero Mecánico | B50: EPP | C50: 2.69 | D50: 4709934.5 | E50: =ROUND(+D50/30,0) -> 156998 | F50: =+D50*12 -> 56519213 | G50: 0 | H50: 13083.151 | I50: =+H50*0.12 -> 1569.9782 | J50: 13083.151 | K50: =(+D50/2)/360 -> 6541.5756 | L50: 18839.738 | M50: 13344.814 | N50: 10927.048 | O50: 3139.9563 | Q50: 4709.9344 | R50: 6279.9126 | S50: 0 | T50: 2466.1111 | U50: =SUM(G50:T50)+E50 -> 250983.37 | V50: =+U50/E50-1 -> 0.59864056 | W50: =+ROUNDUP(V50,2) -> 0.6 | X50: =ROUND(W50*E50+E50,0) -> 251197 | Y50: 0 | Z50: 0 | AA50: =+Y50*Z50 -> 0 | AB50: =+W50*AA50 -> 0
A51: Ingeniero O Arquitecto De Costos | B51: 0 | C51: 2.69 | D51: 4709934.5 | E51: =ROUND(+D51/30,0) -> 156998 | F51: =+D51*12 -> 56519213 | G51: 0 | H51: 13083.151 | I51: =+H51*0.12 -> 1569.9782 | J51: 13083.151 | K51: =(+D51/2)/360 -> 6541.5756 | L51: 18839.738 | M51: 13344.814 | N51: 10927.048 | O51: 3139.9563 | Q51: 4709.9344 | R51: 6279.9126 | S51: 0 | T51: 0 | U51: =SUM(G51:T51)+E51 -> 248517.26 | V51: =+U51/E51-1 -> 0.58293265 | W51: =+ROUNDUP(V51,2) -> 0.59 | X51: =ROUND(W51*E51+E51,0) -> 249627 | Y51: 0 | Z51: 0 | AA51: =+Y51*Z51 -> 0 | AB51: =+W51*AA51 -> 0
A52: Profesional SG-SST | B52: EPP | C52: 2.69 | D52: 4709934.5 | E52: =ROUND(+D52/30,0) -> 156998 | F52: =+D52*12 -> 56519213 | G52: 0 | H52: 13083.151 | I52: =+H52*0.12 -> 1569.9782 | J52: 13083.151 | K52: =(+D52/2)/360 -> 6541.5756 | L52: 18839.738 | M52: 13344.814 | N52: 10927.048 | O52: 3139.9563 | Q52: 4709.9344 | R52: 6279.9126 | S52: 0 | T52: 2466.1111 | U52: =SUM(G52:T52)+E52 -> 250983.37 | V52: =+U52/E52-1 -> 0.59864056 | W52: =+ROUNDUP(V52,2) -> 0.6 | X52: =ROUND(W52*E52+E52,0) -> 251197 | Y52: 1 | Z52: =+'FORMULARIO 1 - DETALLADO'!M21 -> 0 | AA52: 0.33 | AB52: =+W52*AA52 -> 0.198
A53: Profesional En recursos Hidricos | B53: EPP | C53: 2.69 | D53: 4709934.5 | E53: =ROUND(+D53/30,0) -> 156998 | F53: =+D53*12 -> 56519213 | G53: 0 | H53: 13083.151 | I53: =+H53*0.12 -> 1569.9782 | J53: 13083.151 | K53: =(+D53/2)/360 -> 6541.5756 | L53: 18839.738 | M53: 13344.814 | N53: 10927.048 | O53: 3139.9563 | Q53: 4709.9344 | R53: 6279.9126 | S53: 0 | T53: 2466.1111 | U53: =SUM(G53:T53)+E53 -> 250983.37 | V53: =+U53/E53-1 -> 0.59864056 | W53: =+ROUNDUP(V53,2) -> 0.6 | X53: =ROUND(W53*E53+E53,0) -> 251197 | Y53: 1 | Z53: 0 | AA53: =+Y53*Z53 -> 0 | AB53: =+W53*AA53 -> 0
A54: Residente De Obra | B54: EPP | C54: 2.69 | D54: 4709934.5 | E54: =ROUND(+D54/30,0) -> 156998 | F54: =+D54*12 -> 56519213 | G54: 0 | H54: 13083.151 | I54: =+H54*0.12 -> 1569.9782 | J54: 13083.151 | K54: =(+D54/2)/360 -> 6541.5756 | L54: 18839.738 | M54: 13344.814 | N54: 10927.048 | O54: 3139.9563 | Q54: 4709.9344 | R54: 6279.9126 | S54: 0 | T54: 2466.1111 | U54: =SUM(G54:T54)+E54 -> 250983.37 | V54: =+U54/E54-1 -> 0.59864056 | W54: =+ROUNDUP(V54,2) -> 0.6 | X54: =ROUND(W54*E54+E54,0) -> 251197 | Y54: 0 | Z54: 0 | AA54: =+Y54*Z54 -> 0 | AB54: =+W54*AA54 -> 0
A55: Profesional Residente De Interventoría | B55: EPP | C55: 2.69 | D55: 4709934.5 | E55: =ROUND(+D55/30,0) -> 156998 | F55: =+D55*12 -> 56519213 | G55: 0 | H55: 13083.151 | I55: =+H55*0.12 -> 1569.9782 | J55: 13083.151 | K55: =(+D55/2)/360 -> 6541.5756 | L55: 18839.738 | M55: 13344.814 | N55: 10927.048 | O55: 3139.9563 | Q55: 4709.9344 | R55: 6279.9126 | S55: 0 | T55: 2466.1111 | U55: =SUM(G55:T55)+E55 -> 250983.37 | V55: =+U55/E55-1 -> 0.59864056 | W55: =+ROUNDUP(V55,2) -> 0.6 | X55: =ROUND(W55*E55+E55,0) -> 251197 | Y55: 1 | Z55: =+'FORMULARIO 1 - DETALLADO'!M16 -> 1 | AA55: =+Y55*Z55 -> 1 | AB55: =+W55*AA55 -> 0.6
A56: Residente De Obra Electrico | B56: EPP | C56: 2.69 | D56: 4709934.5 | E56: =ROUND(+D56/30,0) -> 156998 | F56: =+D56*12 -> 56519213 | G56: 0 | H56: 13083.151 | I56: =+H56*0.12 -> 1569.9782 | J56: 13083.151 | K56: =(+D56/2)/360 -> 6541.5756 | L56: 18839.738 | M56: 13344.814 | N56: 10927.048 | O56: 3139.9563 | Q56: 4709.9344 | R56: 6279.9126 | S56: 0 | T56: 2466.1111 | U56: =SUM(G56:T56)+E56 -> 250983.37 | V56: =+U56/E56-1 -> 0.59864056 | W56: =+ROUNDUP(V56,2) -> 0.6 | X56: =ROUND(W56*E56+E56,0) -> 251197 | Y56: 0 | Z56: 0 | AA56: =+Y56*Z56 -> 0 | AB56: =+W56*AA56 -> 0
A57: Trabajador(a) Social | B57: EPP | C57: 2.69 | D57: 4709934.5 | E57: =ROUND(+D57/30,0) -> 156998 | F57: =+D57*12 -> 56519213 | G57: 0 | H57: 13083.151 | I57: =+H57*0.12 -> 1569.9782 | J57: 13083.151 | K57: =(+D57/2)/360 -> 6541.5756 | L57: 18839.738 | M57: 13344.814 | N57: 10927.048 | O57: 3139.9563 | Q57: 4709.9344 | R57: 6279.9126 | S57: 0 | T57: 2466.1111 | U57: =SUM(G57:T57)+E57 -> 250983.37 | V57: =+U57/E57-1 -> 0.59864056 | W57: =+ROUNDUP(V57,2) -> 0.6 | X57: =ROUND(W57*E57+E57,0) -> 251197 | Y57: 0 | Z57: 0 | AA57: =+Y57*Z57 -> 0 | AB57: =+W57*AA57 -> 0
A58: Soldadores Segunda Clase | B58: EPP | C58: 2.7 | D58: 4727443.5 | E58: =ROUND(+D58/30,0) -> 157581 | F58: =+D58*12 -> 56729322 | G58: 0 | H58: 13131.788 | I58: =+H58*0.12 -> 1575.8145 | J58: 13131.788 | K58: =(+D58/2)/360 -> 6565.8938 | L58: 18909.774 | M58: 13394.423 | N58: 10967.669 | O58: 3151.629 | Q58: 4727.4435 | R58: 6303.258 | S58: 0 | T58: 2466.1111 | U58: =SUM(G58:T58)+E58 -> 251906.59 | V58: =+U58/E58-1 -> 0.5985848 | W58: =+ROUNDUP(V58,2) -> 0.6 | X58: =ROUND(W58*E58+E58,0) -> 252130 | Z58: 0 | AA58: =+Y58*Z58 -> 0 | AB58: =+W58*AA58 -> 0
A59: Soldador Exotermica | B59: EPP | C59: 2.7 | D59: 4727443.5 | E59: =ROUND(+D59/30,0) -> 157581 | F59: =+D59*12 -> 56729322 | G59: 0 | H59: 13131.788 | I59: =+H59*0.12 -> 1575.8145 | J59: 13131.788 | K59: =(+D59/2)/360 -> 6565.8938 | L59: 18909.774 | M59: 13394.423 | N59: 10967.669 | O59: 3151.629 | Q59: 4727.4435 | R59: 6303.258 | S59: 0 | T59: 2466.1111 | U59: =SUM(G59:T59)+E59 -> 251906.59 | V59: =+U59/E59-1 -> 0.5985848 | W59: =+ROUNDUP(V59,2) -> 0.6 | X59: =ROUND(W59*E59+E59,0) -> 252130 | Z59: 0 | AA59: =+Y59*Z59 -> 0 | AB59: =+W59*AA59 -> 0
A60: Ingeniero civil con estudios de postgrado en el Area de Estructuras | B60: EPP | C60: 3.26 | D60: 5707950.3 | E60: =ROUND(+D60/30,0) -> 190265 | F60: =+D60*12 -> 68495404 | G60: 0 | H60: 15855.417 | I60: =+H60*0.12 -> 1902.6501 | J60: 15855.417 | K60: =(+D60/2)/360 -> 7927.7087 | L60: 22831.801 | M60: 16172.526 | N60: 13242.445 | O60: 3805.3002 | Q60: 5707.9503 | R60: 7610.6004 | S60: 0 | T60: 2466.1111 | U60: =SUM(G60:T60)+E60 -> 303642.93 | V60: =+U60/E60-1 -> 0.59589482 | W60: =+ROUNDUP(V60,2) -> 0.6 | X60: =ROUND(W60*E60+E60,0) -> 304424 | Y60: 1 | Z60: =+'FORMULARIO 1 - DETALLADO'!M18 -> 0 | AA60: =+Y60*Z60 -> 0 | AB60: =+W60*AA60 -> 0
A61: Ingeniero civil con estudios de postgrado en el Area de Geotecnia | B61: EPP | C61: 3.26 | D61: 5707950.3 | E61: =ROUND(+D61/30,0) -> 190265 | F61: =+D61*12 -> 68495404 | G61: 0 | H61: 15855.417 | I61: =+H61*0.12 -> 1902.6501 | J61: 15855.417 | K61: =(+D61/2)/360 -> 7927.7087 | L61: 22831.801 | M61: 16172.526 | N61: 13242.445 | O61: 3805.3002 | Q61: 5707.9503 | R61: 7610.6004 | S61: 0 | T61: 2466.1111 | U61: =SUM(G61:T61)+E61 -> 303642.93 | V61: =+U61/E61-1 -> 0.59589482 | W61: =+ROUNDUP(V61,2) -> 0.6 | X61: =ROUND(W61*E61+E61,0) -> 304424 | Y61: 0 | Z61: =+'FORMULARIO 1 - DETALLADO'!M20 -> 0 | AA61: =+Y61*Z61 -> 0 | AB61: =+W61*AA61 -> 0
A62: Ingeniero civil con estudios de postgrado en el Area de Hidraulica | B62: EPP | C62: 3.26 | D62: 5707950.3 | E62: =ROUND(+D62/30,0) -> 190265 | F62: =+D62*12 -> 68495404 | G62: 0 | H62: 15855.417 | I62: =+H62*0.12 -> 1902.6501 | J62: 15855.417 | K62: =(+D62/2)/360 -> 7927.7087 | L62: 22831.801 | M62: 16172.526 | N62: 13242.445 | O62: 3805.3002 | Q62: 5707.9503 | R62: 7610.6004 | S62: 0 | T62: 2466.1111 | U62: =SUM(G62:T62)+E62 -> 303642.93 | V62: =+U62/E62-1 -> 0.59589482 | W62: =+ROUNDUP(V62,2) -> 0.6 | X62: =ROUND(W62*E62+E62,0) -> 304424 | Y62: 1 | Z62: =+'FORMULARIO 1 - DETALLADO'!M19 -> 0 | AA62: =+Y62*Z62 -> 0 | AB62: =+W62*AA62 -> 0
A63: Ingeniero civil con estudios de postgrado en el Area de Gestión de Riesgos de Desastre | B63: EPP | C63: 3.26 | D63: 5707950.3 | E63: =ROUND(+D63/30,0) -> 190265 | F63: =+D63*12 -> 68495404 | G63: 0 | H63: 15855.417 | I63: =+H63*0.12 -> 1902.6501 | J63: 15855.417 | K63: =(+D63/2)/360 -> 7927.7087 | L63: 22831.801 | M63: 16172.526 | N63: 13242.445 | O63: 3805.3002 | Q63: 5707.9503 | R63: 7610.6004 | S63: 0 | T63: 2466.1111 | U63: =SUM(G63:T63)+E63 -> 303642.93 | V63: =+U63/E63-1 -> 0.59589482 | W63: =+ROUNDUP(V63,2) -> 0.6 | X63: =ROUND(W63*E63+E63,0) -> 304424 | Z63: 0 | AA63: =+Y63*Z63 -> 0 | AB63: =+W63*AA63 -> 0
A64: Ingeniero civil con estudios de postgrado en el Area de Recursos Hídricos | B64: EPP | C64: 3.26 | D64: 5707950.3 | E64: =ROUND(+D64/30,0) -> 190265 | F64: =+D64*12 -> 68495404 | G64: 0 | H64: 15855.417 | I64: =+H64*0.12 -> 1902.6501 | J64: 15855.417 | K64: =(+D64/2)/360 -> 7927.7087 | L64: 22831.801 | M64: 16172.526 | N64: 13242.445 | O64: 3805.3002 | Q64: 5707.9503 | R64: 7610.6004 | S64: 0 | T64: 2466.1111 | U64: =SUM(G64:T64)+E64 -> 303642.93 | V64: =+U64/E64-1 -> 0.59589482 | W64: =+ROUNDUP(V64,2) -> 0.6 | X64: =ROUND(W64*E64+E64,0) -> 304424 | Z64: 0 | AA64: =+Y64*Z64 -> 0 | AB64: =+W64*AA64 -> 0
A65: Especialista Social | B65: EPP | C65: 3.26 | D65: 5707950.3 | E65: =ROUND(+D65/30,0) -> 190265 | F65: =+D65*12 -> 68495404 | G65: 0 | H65: 15855.417 | I65: =+H65*0.12 -> 1902.6501 | J65: 15855.417 | K65: =(+D65/2)/360 -> 7927.7087 | L65: 22831.801 | M65: 16172.526 | N65: 13242.445 | O65: 3805.3002 | Q65: 5707.9503 | R65: 7610.6004 | S65: 0 | T65: 2466.1111 | U65: =SUM(G65:T65)+E65 -> 303642.93 | V65: =+U65/E65-1 -> 0.59589482 | W65: =+ROUNDUP(V65,2) -> 0.6 | X65: =ROUND(W65*E65+E65,0) -> 304424 | Z65: 0 | AA65: =+Y65*Z65 -> 0 | AB65: =+W65*AA65 -> 0
A66: Ingeniero Civil Esp. Naval | B66: EPP | C66: 3.26 | D66: 5707950.3 | E66: =ROUND(+D66/30,0) -> 190265 | F66: =+D66*12 -> 68495404 | G66: 0 | H66: 15855.417 | I66: =+H66*0.12 -> 1902.6501 | J66: 15855.417 | K66: =(+D66/2)/360 -> 7927.7087 | L66: 22831.801 | M66: 16172.526 | N66: 13242.445 | O66: 3805.3002 | Q66: 5707.9503 | R66: 7610.6004 | S66: 0 | T66: 2466.1111 | U66: =SUM(G66:T66)+E66 -> 303642.93 | V66: =+U66/E66-1 -> 0.59589482 | W66: =+ROUNDUP(V66,2) -> 0.6 | X66: =ROUND(W66*E66+E66,0) -> 304424 | Y66: 0 | Z66: 0 | AA66: =+Y66*Z66 -> 0 | AB66: =+W66*AA66 -> 0
A67: Director De Obra | B67: EPP | C67: 4.46 | D67: 7809036.3 | E67: =ROUND(+D67/30,0) -> 260301 | F67: =+D67*12 -> 93708436 | G67: 0 | H67: 21691.767 | I67: =+H67*0.12 -> 2603.0121 | J67: 21691.767 | K67: =(+D67/2)/360 -> 10845.884 | L67: 31236.145 | M67: 22125.603 | N67: 18116.964 | O67: 5206.0242 | Q67: 7809.0363 | R67: 10412.048 | S67: 0 | T67: 2466.1111 | U67: =SUM(G67:T67)+E67 -> 414505.36 | V67: =+U67/E67-1 -> 0.59240788 | W67: =+ROUNDUP(V67,2) -> 0.6 | X67: =ROUND(W67*E67+E67,0) -> 416482 | Z67: 0 | AA67: =+Y67*Z67 -> 0 | AB67: =+W67*AA67 -> 0
A68: Director De Interventoría | B68: EPP | C68: 4.46 | D68: 7809036.3 | E68: =ROUND(+D68/30,0) -> 260301 | F68: =+D68*12 -> 93708436 | G68: 0 | H68: 21691.767 | I68: =+H68*0.12 -> 2603.0121 | J68: 21691.767 | K68: =(+D68/2)/360 -> 10845.884 | L68: 31236.145 | M68: 22125.603 | N68: 18116.964 | O68: 5206.0242 | Q68: 7809.0363 | R68: 10412.048 | S68: 0 | T68: 2466.1111 | U68: =SUM(G68:T68)+E68 -> 414505.36 | V68: =+U68/E68-1 -> 0.59240788 | W68: =+ROUNDUP(V68,2) -> 0.6 | X68: =ROUND(W68*E68+E68,0) -> 416482 | Y68: 1 | Z68: =+'FORMULARIO 1 - DETALLADO'!M15 -> 0.4 | AA68: =+Y68*Z68 -> 0.4 | AB68: =+W68*AA68 -> 0.24
A69: Director De Interventoría naval | B69: EPP | C69: 6.323 | D69: 11070972 | E69: =ROUND(+D69/30,0) -> 369032 | F69: =+D69*12 -> 1.3285167e+08 | G69: 0 | H69: 30752.701 | I69: =+H69*0.12 -> 3690.3241 | J69: 30752.701 | K69: =(+D69/2)/360 -> 15376.35 | L69: 44283.889 | M69: 31367.755 | N69: 25684.656 | O69: 7380.6482 | Q69: 11070.972 | R69: 14761.296 | S69: 0 | T69: 2466.1111 | U69: =SUM(G69:T69)+E69 -> 586619.4 | V69: =+U69/E69-1 -> 0.58961663 | W69: =+ROUNDUP(V69,2) -> 0.59 | X69: =ROUND(W69*E69+E69,0) -> 586761 | Z69: 0 | AA69: =+Y69*Z69 -> 0 | AB69: =+W69*AA69 -> 0
A71: Director De Consultoría | B71: EPP | C71: 4.46 | D71: 7809036.3 | E71: =ROUND(+D71/30,0) -> 260301 | F71: =+D71*12 -> 93708436 | G71: 0 | H71: 21691.767 | I71: =+H71*0.12 -> 2603.0121 | J71: 21691.767 | K71: =(+D71/2)/360 -> 10845.884 | L71: 31236.145 | M71: 22125.603 | N71: 18116.964 | O71: 5206.0242 | Q71: 7809.0363 | R71: 10412.048 | S71: 0 | T71: 2466.1111 | U71: =SUM(G71:T71)+E71 -> 414505.36 | V71: =+U71/E71-1 -> 0.59240788 | W71: =+ROUNDUP(V71,2) -> 0.6 | X71: =ROUND(W71*E71+E71,0) -> 416482 | Z71: 0 | AA71: =+Y71*Z71 -> 0 | AB71: =+W71*AA71 -> 0
A72: TOTAL ∑ | AA72: =SUM(AA7:AA71) -> 4.18 | AB72: =SUM(AB7:AB71) -> 2.591
A73: MEDIA PONDERADA | W73: ∑ PONDERACION / ∑ INCIDENCIA | X73: ∑ PONDERACION / ∑ INCIDENCIA | AA73: =ROUND(+AB72/AA72,2) -> 0.62
A76: Elaboró:

Sheet CRONOGRAMA DE PERSONAL
B2: ALCALDIA DE MONTERIA
B3: SECRETARÍA DE INFRAESTRUCTURA
B5: CRONOGRAMA MENSUAL DE PERSONAL
A6: OBJETO:
B7: INTERVENTORIA TECNICA, ADMINISTRATIVA, FINANCIERA, JURIDICA Y CONTABLE A LA CONSTRUCCIÓN DE UN PARQUE EN EL CORREGIMIENTO DE SAN ANTERITO MUNICIPIO DE MONTERÍA.
B8: PERSONAL | C8: MES 1 | D8: MES 2 | E8: MES 3 | F8: MES 4 | G8: MES 5 | H8: MES 6 | I8: MES 7 | J8: MES 8 | K8: MES 9 | L8: MES 10 | M8: MES 11 | N8: MES 12 | O8: MES 13 | P8: MES 14 | Q8: MES 15 | R8: MES 16 | S8: MES 17 | T8: MES 18
B9: Director de Interventoria
B10: Residente de Interventoria
B11: Ingeniero Electricista
B12: Ingeniero Civil con Estudios de Posgrado en el Area de Estructuras
B13: Ingeniero civil con Estudios de Postgrado en el Area de Hidraulica
B14: Ingeniero civil con estudios de Postgrado en el Area de Geotecnia
B15: Profesional SST
B16: Ingeniero Forestal
B17: Abogado
B18: Contador
B19: Topografo
B20: Secretaria
... B22: Cadenero

Sheet ENSAYOS OBRA
B1: ALCALDIA DE MONTERIA
B2: SECRETARÍA DE INFRAESTRUCTURA
B4: DESGLOSE DE ENSAYOS DE LABORATORIO
A6: OBJETO: | B6: INTERVENTORIA TECNICA, ADMINISTRATIVA, FINANCIERA, JURIDICA Y CONTABLE AL ESTUDIO, DISEÑO Y CONSTRUCCION DE UNA PISTA UNA DE BMX EN EL MUNICIPIO DE MONTERIA - FASE II
A8: ÍTEM | B8: DESCRIPCIÓN | C8: UNIDAD | D8: VALOR BASICO UNITARIO OFICIAL (sin IVA) | E8: CANTIDAD | F8: VALOR TOTAL
A10: 1 | B10: ENSAYO CONCRETO A COMPRESION | C10: UND | D10: 10084 | E10: =3*15 -> 45 | F10: =ROUND(E10*D10,0) -> 453780
A11: 2 | B11: ENSAYO CLASIFICACIÓN (LIMITES Y GRANULOMETRIA) | C11: UND | D11: 58823.53 | E11: =E10 -> 45 | F11: =ROUND(E11*D11,0) -> 2647059
A12: 3 | B12: ENSAYOS DE PROCTOR MODIFICADO (INCLUYE GRANULOMETRIA Y LIMITES) | C12: UND | D12: 210084.03 | E12: 5 | F12: =ROUND(E12*D12,0) -> 1050420
A13: 4 | B13: ENSAYO DE CBR DE LABORATORIO | C13: UND | D13: 378151.26 | E13: 2 | F13: =ROUND(E13*D13,0) -> 756303
A14: 5 | B14: ENSAYO DE CBR DE CAMPO | C14: UND | D14: 378151.26 | E14: 2 | F14: =ROUND(E14*D14,0) -> 756303
A15: 6 | B15: CONTENIDO DE SALES SOLUBLES | C15: UND | D15: 168067.23 | E15: =E12 -> 5 | F15: =ROUND(E15*D15,0) -> 840336
A16: 7 | B16: DISEÑO DE MEZCLA DE CONCRETO | C16: UND | D16: 420168.07 | E16: 5 | F16: =ROUND(E16*D16,0) -> 2100840
A17: 8 | B17: DENSIDADES EN CAMPO CONO Y ARENA | C17: UND | D17: 58823.53 | E17: 100 | F17: =ROUND(E17*D17,0) -> 5882353
A18: 9 | B18: ENSAYO CONCRETO A LA FLEXIÓN | C18: UND | D18: 16806.72 | E18: 45 | F18: =ROUND(E18*D18,0) -> 756302
A19: 10 | B19: ENSAYO NO DESTRUCTIVO DE TINTAS PENETRANTES A UNIONES SOLDADAS DE PERFILERIA ESTRUCTURAL METALICA | C19: UND | D19: 168400 | E19: 300 | F19: =ROUND(E19*D19,0) -> 50520000
E21: TOTAL | F21: =SUM(F10:F20) -> 65763696 | G21: =ROUND(F21/8,0) -> 8220462
A23: Elaboró
A24: ='FORMULARIO 1 - DETALLADO'!#REF! -> #REF!
A25: Contratista S.I.M.
